Workbook

Sheet 1. Diag Empresarial 
A1: 1. INFORMACION GENERAL DE LA UNIDAD PRODUCTIVA | K1: 2. INFORMACIÓN DEL NEGOCIO | AK1: 3. INGRESOS Y FINANZAS | AP1: 4. PRODUCCIÓN Y OPERACIÓN | AS1: 5. COMERCIALIZACIÓN Y CLIENTES | AV1: 7. LEGALIDAD Y FORMALIZACIÓN | AZ1: 8. APOYO FINANCIERO
A2: N | B2: NOMBRE DEL MICROEMPRESARIO | C2: N° DOCUMENTO | D2: GENERO | F2: DIRECCION DE RESIDENCIA | G2: DIRECCION DEL NEGOCIO | H2: NOMBRE DEL NEGOCIO | I2: Descripción del Negocio | J2: TELEFONO | K2: ¿Hace cuánto tiempo se dedica a esta actividad comercial? | O2: ¿Este negocio es su única fuente de ingresos? | R2: Sector Económico | W2: Actividad Economica | AD2: No. De Empleos Generados | AF2: Dónde está ubicado su punto de venta | AK2: ¿Conoce con claridad cuánto gana y cuánto gasta en su negocio? | AM2: Valor Promedio Ventas Totales Mensuales | AN2: Valor Promedio Costos | AO2: Valor Promedio Utilidad Mensual | AP2: ¿Quiénes son sus Principales Proveedores? | AQ2: ¿Quién produce lo que vende? (¿Lo fabrica usted o lo compra para revender?) | AR2: Qué herramientas o materiales necesita para operar diariamente? | AS2: ¿Quiénes son sus Principales Clientes? | AT2: ¿ Que estrategias a utilizado para atraer nuevos clientes? | AU2: ¿Conoce o usa redes sociales, WhatsApp, o alguna aplicación para vender? | AV2: ¿Su Negocio Está Formalizado Ante Cámara de Comercio? | AX2: ¿Está interesado/a en formalizar su negocio? | AZ2: Microcrédito | BB2: ¿Alguna vez solicitó un crédito? | BD2: ENTIDAD | BE2: ¿Tiene algún ahorro o fondo para emergencias? | BG2: ¿Está usted interesado (a) en solicitar un microcrédito a través de la red de aliados financieros que tiene SIEMPRENDE? | BI2: Autorizo a SIEMPRENDE para que a través de su aliado financiero consulte mi estado crediticio ante las centrales de riesgo
D3: F | E3: M | K3: 0 a 6 meses | L3: 1 a 2 años | M3: 2 a 5 años | N3: mas de 5 años | O3: SI | P3: NO | Q3: OTRO CUAL | R3: Manucfacturas | S3: Servicio | T3: Productos Elaborados | U3: Economia Popular | V3: Economia Naraja | W3: Industria Alimentaria | X3: Comercio | Y3: Educacion | Z3: Comunicación | AA3: Tecnologia e Innovacion | AB3: Cultura y Arte | AC3: Deporte | AD3: Autoempleo | AE3: 2 o mas | AF3: FIJO | AG3: MOVIL | AH3: EN CASA | AI3: EN LA CALLE | AJ3: ESPACIO PUBLICO | AK3: SI | AL3: NO | AV3: SI | AW3: NO | AX3: SI | AY3: NO | AZ3: SI | BA3: NO | BB3: SI | BC3: NO | BE3: SI | BF3: NO | BG3: SI | BH3: NO | BI3: SI | BJ3: NO
A4: 1 | B4: YASIRA CASTILLO MARIMON | C4: 45360067 | D4: 1 | F4: BARRIO LA CEREZA CLL PRINCIPAL | G4: BARRIO LA CEREZA CLL PRINCIPAL | H4: NO TIENE | I4: VENTA DE FRITOS | J4: 3117128818 - 3001304974 | N4: 1 | P4: 1 | Q4: TRABAJA EN EL MERCADO | T4: 1 | W4: 1 | AE4: 1 | AF4: 1 | AI4: 1 | AL4: 1 | AM4: 15450000 | AN4: 10500000 | AO4: 4950000 | AP4: TIENDA MEDELLIN | AQ4: ELABORACION DEL PRODUCTO | AR4: MOLINO, GAS, ESTUFA, VITRINA. | AS4: TRANSEUNTES Y VECINOS ALEDAÑOS AL PUESTO DE VENTA. | AT4: EL BUEN SABOR DE LOS PRODUCTOS | AU4: NO | AW4: 1 | AX4: 1 | AZ4: 1 | BB4: 1 | BD4: CRESCAMOS | BF4: 1 | BH4: 1 | BJ4: 1
A5: 2 | B5: ANA MARCELA REBOLLEDO ARROYO | C5: 1048605617 | D5: 1 | F5: BARRIO LA CEREZA CLL PRINCIPAL | G5: BARRIO LA CEREZA CLL PRINCIPAL | H5: EL NIÑO SANTIAGO | I5: VENTA DE FRITOS | J5: 3003995651 | K5: 1 | O5: 1 | T5: 1 | W5: 1 | AD5: 1 | AF5: 1 | AJ5: 1 | AL5: 1 | AM5: 5379500 | AN5: 2400000 | AO5: 2979500 | AP5: TIENDA MEDELLIN | AQ5: ELABORACION DEL PRODUCTO | AR5: VITRINA, SILLAS, UTENCILIOS DE COCINA. | AS5: TRANSEUNTES Y COMUNIDAD DE SANTA ROSA. | AT5: PROMOCIONES Y DESCUENTOS | AU5: NO | AW5: 1 | AX5: 1 | BA5: 1 | BC5: 1 | BF5: 1 | BH5: 1 | BI5: 1
A6: 3 | B6: YAMIL ENRIQUE PINTO VALIENTE | C6: 9185707 | E6: 1 | F6: BARRIO EL TREBOL | G6: BARRIO LA CEREZA CLL PRINCIPAL | H6: SAN MIGUEL ARCANGEL | I6: VENTA Y PRODUCCION DE BUTIFARRAS | J6: 3224924374 | N6: 1 | O6: 1 | T6: 1 | W6: 1 | AD6: 1 | AF6: 1 | AJ6: 1 | AL6: 1 | AM6: 8550000 | AN6: 5400000 | AO6: 3150000 | AP6: MERCADO DE BAZURTO | AQ6: COMPRA Y PRODUCE PARA VENDER | AR6: VITRINA, MESA, CARRETILLA. | AS6: TRANSEUNTES HOMBRES Y MUJERES. | AT6: NINGUNA | AU6: NO | AW6: 1 | AX6: 1 | BA6: 1 | BC6: 1 | BE6: 1 | BG6: 1 | BI6: 1
A7: 4 | B7: ERIKA ORTIZ DE HORTA | C7: 45360290 | D7: 1 | F7: BARRIO LA CEREZA | G7: PLAZA PRINCIPAL | H7: EL PUNTO DEL PATACON | I7: VENTA DE FRITOS | J7: 3006791986 | N7: 1 | O7: 1 | T7: 1 | W7: 1 | AE7: 1 | AF7: 1 | AJ7: 1 | AL7: 1 | AM7: 8500000 | AN7: 4000000 | AO7: 4500000 | AP7: ABASTOS EL MERCADITO Y EL CHULETAZO | AQ7: ELABORACION DEL PRODUCTO | AR7: VITRINA, ANAFE, 2 MESA DE MADERA, NEVERA PORTATIL. | AS7: COMUNIDAD DE SANTA ROSA | AT7: NINGUNA | AU7: NO | AV7: 1 | BA7: 1 | BC7: 1 | BF7: 1 | BH7: 1 | BJ7: 1
A8: 5 | B8: LUIS FERNANDO PEREZ LLERENA | C8: 1044924031 | E8: 1 | F8: CAÑO VERDE (POR LA EMBOCADA) | G8: BARRIO EL REDENTOR | H8: MESELUX | I8: VENTA DE MESEDORAS Y MESAS | J8: 3128119534 | M8: 1 | O8: 1 | T8: 1 | X8: 1 | AE8: 1 | AF8: 1 | AH8: 1 | AK8: 1 | AM8: 3570000 | AN8: 1561500 | AO8: 2008500 | AP8: INVERSIONES JR | AQ8: FABRICA PARA VENDER | AR8: MAQUINA DE SOLDAR, PULIDORA E INSUMOS | AS8: COMUNIDAD DE SANTA ROSA Y SECTORES ALEDAÑOS. | AT8: PUBLICIDAD EN REDES SOCIALES | AU8: SI | AW8: 1 | AX8: 1 | BA8: 1 | BC8: 1 | BE8: 1 | BG8: 1 | BI8: 1
A9: 6 | B9: MARCIAL MERCADO RIOS | C9: 73533844 | E9: 1 | F9: BARRIO EL PARAISO | G9: BARRIO EL PARAISO | H9: VIVERES MIS NIETOS | I9: VENTA DE TUBERCULOS Y FRUTAS | J9: 3016527909 | M9: 1 | O9: 1 | U9: 1 | W9: 1 | AD9: 1 | AG9: 1 | AI9: 1 | AL9: 1 | AM9: 4,752.000 | AN9: 1200000 | AO9: 3552000 | AP9: MERCADO DE BAZURTO Y FINCAS DEL PUEBLO. | AQ9: COMPRA PARA VENDER | AR9: CARRETILLA Y PESO | AS9: VECINOS Y TRANSEUNTES. | AT9: ACOMODAR LOS PRECIOS AL CLIENTE AL COMERCIAR LOS PRODUCTOS. | AU9: NO | AW9: 1 | AY9: 1 | BA9: 1 | BC9: 1 | BF9: 1 | BG9: 1 | BI9: 1
A10: 7 | B10: HEIDER ENRIQUE PEREZ GUTIERREZ | C10: 128052563 | E10: 1 | F10: BARRIO LAS MALVINAS | G10: BARRIO LA CEREZA CLL PRINCIPAL | H10: AREPAS LOS HERMANOS PEREZ | I10: VENTA DE AREPAS RELLENAS | J10: 3233551943 | L10: 1 | O10: 1 | T10: 1 | W10: 1 | AE10: 1 | AF10: 1 | AJ10: 1 | AL10: 1 | AM10: 9792000 | AN10: 1800000 | AO10: 7992000 | AP10: SALSAMENTARIA SANTA ROSA Y MERCADO DE BAZURTO. | AQ10: COMPRA Y PRODUCE PARA VENDER | AR10: ASADOR, PLANCHA PARA ASAR, MESA PLASTICA, BANQUILLOS, SILLAS Y PARAGUAS. | AS10: COMUNIDAD DE SANTA ROSA Y TRANSEUNTES. | AT10: BUENA ATENCION Y EL BUEN SABOR DE LOS PRODUCTOS. | AU10: NO | AW10: 1 | AX10: 1 | BA10: 1 | BC10: 1 | BE10: 1 | BG10: 1 | BI10: 1
A11: 8 | B11: AIDA ROSA SEQUAREZ SALCEDO | C11: 45586475 | D11: 1 | F11: BARRIO LA CEREZA CLL PRINCIPAL | G11: BARRIO LA CEREZA CLL PRINCIPAL | H11: LOS FRITOS DE RUCHI | I11: VENTA DE FRITOS | J11: 3135003103 | N11: 1 | O11: 1 | T11: 1 | W11: 1 | AE11: 1 | AF11: 1 | AH11: 1 | AL11: 1 | AM11: 6900000 | AN11: 4500000 | AO11: 2400000 | AP11: TIENDA MEDELLIN | AQ11: ELABORA LOS PRODUCTOS | AR11: VITRINA, ESTUFA Y UTENCILIOS DE COCINA | AS11: TRANSEUNTES | AT11: INICIAR LA VENTA A TEMPRANAS HORAS. | AU11: NO | AW11: 1 | AX11: 1 | BA11: 1 | BC11: 1 | BF11: 1 | BH11: 1 | BJ11: 1
A12: 9 | B12: BERNARDO VIVANCO VIVANCO | C12: 73539432 | E12: 1 | F12: BARRIO LA CEREZA | G12: BARRIO LA CEREZA CLL PRINCIPAL | H12: FRUTERA EL BERNA | I12: VENTA DE FRUTAS | J12: 3135760886 | N12: 1 | O12: 1 | U12: 1 | W12: 1 | AE12: 1 | AG12: 1 | AJ12: 1 | AK12: 1 | AM12: 14784000 | AN12: 6000000 | AO12: 8784000 | AP12: MERCADO DE BAZURTO | AQ12: COMPRA PARA VENDER | AR12: CARRETILLA, PESO, CANASTILLA, PARAGUAS. | AS12: SANTA ROSA Y PUEBLOS ALEDAÑOS. | AT12: BUEN TRATO | AU12: NO | AW12: 1 | AX12: 1 | BA12: 1 | BC12: 1 | BE12: 1 | BG12: 1 | BI12: 1
A13: 10 | B13: SABINA LUNA MARTINEZ | C13: 23144823 | D13: 1 | F13: BARRIO CALLE NUEVA | G13: BARRIO LA CEREZA CLL PRINCIPAL | H13: FRITOS SABINA | I13: VENTA DE FRITOS | J13: 3161394195 | N13: 1 | O13: 1 | T13: 1 | W13: 1 | AE13: 1 | AF13: 1 | AJ13: 1 | AK13: 1 | AM13: 4400000 | AN13: 2000000 | AO13: 2400000 | AP13: ABASTOS MEDELLIN | AQ13: ELABORA LOS PRODUCTOS | AR13: ESTUFA, VITRINA, MESA DE MADERA, SILLAS PLASTICAS, CABA DE PLASTICO. | AS13: TRANSEUNTES | AT13: BUENA ATENCION Y LA VARIEDAD DE SALSAS. | AU13: NO | AV13: 1 | BA13: 1 | BC13: 1 | BE13: 1 | BG13: 1 | BI13: 1
A14: 11 | B14: VERONICA DE LAS AGUAS VIVANCO | C14: 45361260 | D14: 1 | F14: BARRIO EL SAGRADO | G14: BARRIO EL SAGRADO | H14: CONTRA ASEO | I14: FABRICACION Y VENTA DE TRAPEROS, ASEO Y MAS. | J14: 3046476449 | N14: 1 | P14: 1 | Q14: TRABAJA EN UNA VARIEDAD | T14: 1 | X14: 1 | AE14: 1 | AF14: 1 | AH14: 1 | AK14: 1 | AM14: 11288000 | AN14: 4000000 | AO14: 7288000 | AP14: MERCADO DE BAZURTO | AQ14: ELABORA LOS PRODUCTOS | AR14: BASE DE MADERA | AS14: FERRETERIA DE SANTA ROSA Y ABASTOS MEDELLIN | AT14: REALIZAR PREVENTAS EN TIENDAS | AU14: SI | AW14: 1 | AX14: 1 | BA14: 1 | BC14: 1 | BE14: 1 | BG14: 1 | BI14: 1
A15: 12 | B15: WILFRIDO GOMEZ GUERRERO | C15: 73099894 | E15: 1 | F15: BARRIO NUEVO PARAISO | G15: BARRIO LA CEREZA CLL PRINCIPAL | H15: CARNICERIA LA GRAN VIA | I15: VENTA DE CARNES | J15: 3127110808 | N15: 1 | O15: 1 | U15: 1 | W15: 1 | AE15: 1 | AF15: 1 | AJ15: 1 | AK15: 1 | AM15: 46500000 | AN15: 27000000 | AO15: 19500000 | AP15: MATADERO DE SANTA ROSA Y MERCADO DE BAZURTO. | AQ15: COMPRA PARA VENDER | AR15: PESO | AS15: VECINOS Y COMUNIDAD DE SANTA ROSA | AT15: ABRIR EL NEGOCIO A PRIMERAS HORAS | AU15: NO | AW15: 1 | AY15: 1 | AZ15: 1 | BB15: 1 | BD15: MUNDO MUJER | BE15: 1 | BG15: 1 | BI15: 1
A16: 13 | B16: YOBERLIS COROMOTO ESPINOSA AGUEY | C16: 5952006 (PERMISO DE PERMANENCIA) | D16: 1 | F16: BARRIO LOS CIRUELOS | G16: BARRIO LA CEREZA CLL PRINCIPAL | H16: SALSA SUBLIME CHUZOS DEFINIDOS | I16: VENTA DE CHUZOS | J16: 3233758859 | M16: 1 | O16: 1 | T16: 1 | W16: 1 | AD16: 1 | AF16: 1 | AJ16: 1 | AL16: 1 | AM16: 3472000 | AN16: 1000000 | AO16: 2472000 | AP16: SALSAMENTARIA SANTA ROSA Y ABASTOS ABC. | AQ16: COMPRA PARA VENDER | AR16: ASADOR, MESA DE MADERA, CASTAS, PARAGUAS, CABA DE ICOPOR | AS16: COMUNIDAD DE SANTA ROSA Y TRANSEUNTES. | AT16: BUEN TRATO | AU16: SI | AV16: 1 | BA16: 1 | BC16: 1 | BE16: 1 | BH16: 1 | BJ16: 1
A17: 14 | B17: YOLIMA SILVA SOLANO | C17: 45361016 | E17: 1 | F17: BARRIO EL PORVENIR | G17: BARRIO EL PROVENIR | H17: FRITOS YOLI | I17: VENTA DE FRITOS | J17: 3136981910 | M17: 1 | P17: 1 | Q17: VENTA DE ALMUERZOS | T17: 1 | W17: 1 | AE17: 1 | AG17: 1 | AI17: 1 | AK17: 1 | AM17: 2700000 | AN17: 1400000 | AO17: 1300000 | AP17: GRANERO DONDE FABIO | AQ17: PRODUCE PARA VENDER | AR17: UTENCILIOS DE COCINA Y OLLA PARA VENDER. | AS17: COMUNIDAD DE SANTA ROSA | AT17: BUEN TRATO | AU17: NO | AW17: 1 | AY17: 1 | BA17: 1 | BC17: 1 | BE17: 1 | BH17: 1 | BJ17: 1
A18: 15 | B18: MINELVA MARIA ARRIETA POMBO | C18: 45360896 | D18: 1 | F18: BARRIO LA UNION | G18: BARRIO LA UNION | H18: FRITOS MINE | I18: VENTA DE FRITOS | J18: 3145121552 | N18: 1 | O18: 1 | T18: 1 | W18: 1 | AE18: 1 | AF18: 1 | AI18: 1 | AK18: 1 | AM18: 12400000 | AN18: 2000000 | AO18: 10400000 | AP18: MERCADO DE BAZURTO Y SALSAMENTARIA DE SANTA ROSA. | AQ18: PRODUCE PARA VENDER | AR18: UTENCILIOS DE COCINA. | AS18: VECINOS E INSTITUCIONES EDUCATIVAS DEL MUNICIPIO. | AT18: BUEN SABOR | AU18: NO | AW18: 1 | AX18: 1 | BA18: 1 | BC18: 1 | BE18: 1 | BG18: 1 | BI18: 1
A19: 16 | B19: MARIA PAULINA GAMARRA MERCADO | C19: 45586757 | D19: 1 | F19: BARRIO 15 DE AGOSTO | G19: CALLES DE SANTA ROSA | H19: FRITOS DIOS PROVEERA | I19: VENTA DE PETO | J19: 3127461472 | M19: 1 | O19: 1 | T19: 1 | W19: 1 | AE19: 1 | AG19: 1 | AI19: 1 | AL19: 1 | AM19: 1920000 | AN19: 600000 | AO19: 1320000 | AP19: GRANERO DONDE FABIO | AQ19: FABRICA PARA VENDER | AR19: OLLA GRANDE Y UTENCILIOS DE COCINA | AS19: VECINOS Y COMUNIDAD DE SANTA ROSA | AT19: CALIDAD DEL PRODUCTO | AU19: NO | AW19: 1 | AY19: 1 | BA19: 1 | BC19: 1 | BF19: 1 | BH19: 1 | BJ19: 1
A20: 17 | B20: ALVARO BLANCO SIERRA | C20: 9186279 | E20: 1 | F20: BARRIO EL TREBOL | G20: CALLES DE SANTA ROSA | H20: VENTA EL YUQUERO | I20: VENTA DE TUBERCULOS Y FRUTAS | J20: 3122487673 | L20: 1 | O20: 1 | U20: 1 | X20: 1 | AD20: 1 | AG20: 1 | AI20: 1 | AK20: 1 | AM20: 14468000 | AN20: 7200000 | AO20: 7268000 | AP20: FINCAS DEL MUNICIPIO | AQ20: COMPRA PARA VENDER | AR20: CARRETILLA | AS20: COMUNIDAD DE SANTA ROSA | AT20: BUEN TRATO Y COMUNICACIÓN CON EL CLIENTE | AU20: NO | AW20: 1 | AY20: 1 | BA20: 1 | BC20: 1 | BF20: 1 | BH20: 1 | BJ20: 1
A21: 18 | B21: NORENA MARGARITA VILLA MUÑOZ | C21: 22570009 | D21: 1 | F21: BARRIO EL FONDO | G21: BARRIO LA CEREZA CLL PRINCIPAL | H21: BUÑUELOS MI DELEITE | I21: VENTA DE BUÑUELOS, AREPAS Y JUGOS. | J21: 3053243405 | K21: 1 | O21: 1 | T21: 1 | W21: 1 | AE21: 1 | AF21: 1 | AH21: 1 | AK21: 1 | AM21: 6798000 | AN21: 1980000 | AO21: 4817600 | AP21: SALSAMENTARIA SANTA ROSA Y TIENDAS ARA | AQ21: PRODUCE PARA VENDER | AR21: VITRINA E INSUMOS | AS21: COMUNIDAD DE SANTA ROSA | AT21: MUESTRAS DE PRUEBA | AU21: SOLAMENTE WHATSAPP | AW21: 1 | AY21: 1 | BA21: 1 | BC21: 1 | BF21: 1 | BG21: 1 | BI21: 1
A22: 19 | B22: NAYELIS MERCADO ORTIZ | C22: 1002257710 | D22: 1 | F22: BARRIO EL PARAISO | G22: BARRIO EL PARAISO | H22: COMIDAS RAPIDAS HERMANOS MARTINEZ | I22: VENTA DE COMIDAS RAPIDAS | K22: 1 | O22: 1 | T22: 1 | W22: 1 | AE22: 1 | AF22: 1 | AH22: 1 | AK22: 1 | AM22: 4117500 | AN22: 1800000 | AO22: 2317500 | AP22: SALSAMENTARIA SANTA ROSA | AQ22: PRODUCE PARA VENDER | AR22: CARRO DE PERRO E UTENCILIOS DE COCINA | AS22: COMUNIDAD DE SANTA ROSA | AT22: CALIDAD DEL PRODUCTO | AU22: SI | AW22: 1 | AX22: 1 | AZ22: 1 | BC22: 1 | BD22: MUNDO MUJER | BE22: 1 | BG22: 1 | BI22: 1
A23: 20 | B23: YOLIDIS MERCADO PINTO | C23: 45586326 | D23: 1 | F23: BARRIO 30 DE AGOSTO SEC EL SILENCIO | G23: BARRIO 30 DE AGOSTO SEC EL SILENCIO | H23: EL BUEN SABOR DE YOLI | I23: VENTA DE PASTELES | J23: 3216959571 | L23: 1 | O23: 1 | T23: 1 | W23: 1 | AE23: 1 | AF23: 1 | AI23: 1 | AL23: 1 | AM23: 2400000 | AN23: 1000000 | AO23: 1400000 | AP23: EL CHULETAZO | AQ23: PRODUCE LO QUE VENDE | AR23: UTENCILIOS DE COCINA | AS23: COMUNIDAD DE SANTA ROSA | AT23: EL BUEN SABOR DE LOS PRODUCTOS | AU23: NO | AW23: 1 | AY23: 1 | BA23: 1 | BC23: 1 | BF23: 1 | BH23: 1 | BJ23: 1
A24: 21 | B24: KAREN MARGARITA BELLO DE LAS AGUAS | C24: 45361072 | D24: 1 | F24: BARRIO LAS GAVIOTAS | G24: PLAZA PRINCIPAL Y COLEGIOS | H24: MANGOS LA FE EN CRISTO | I24: VENTA DE MANGOS VERDES | J24: 3152245343 | N24: 1 | O24: 1 | T24: 1 | W24: 1 | AE24: 1 | AG24: 1 | AI24: 1 | AK24: 1 | AM24: 2850000 | AN24: 1500000 | AO24: 1350000 | AP24: SALSAMENTARIA SANTA ROSA Y MERCADO DE BAZURTO. | AQ24: COMPRA PARA VENDER | AR24: CARRETA | AS24: COMUNIDAD DE SANTA ROSA | AT24: BUENA ATENCION | AU24: NO | AW24: 1 | AY24: 1 | BA24: 1 | BC24: 1 | BF24: 1 | BH24: 1 | BJ24: 1
A25: 22 | B25: EVARISTO BOLAÑO DE AVILA | C25: 73539334 | E25: 1 | F25: BARRIO EL FONDO | G25: CALLES DE SANTA ROSA | I25: VENTA DE LECHE, SUERO Y QUESO | J25: 3145538083 | N25: 1 | O25: 1 | T25: 1 | W25: 1 | AE25: 1 | AG25: 1 | AI25: 1 | AK25: 1 | AM25: 31980000 | AN25: 2480000 | AO25: 2950000 | AP25: CAMPESINOS DEL MUNICIPIO | AQ25: PRODUCE PARA VENDER | AR25: CARRETA Y CONTENEDORES | AS25: COMUNIDAD DE SANTA ROSA | AT25: BUEN SABOR | AU25: NO | AW25: 1 | AY25: 1 | BA25: 1 | BC25: 1 | BF25: 1 | BH25: 1 | BJ25: 1
A26: 23 | B26: ANGEL VIVANCO VIVANCO | C26: 73539324 | E26: 1 | F26: BARRIO LA CEREZA | G26: PLAZA PRINCIPAL | H26: LA NOCTURNA | I26: VENTA DE FRUTAS (MANGOS) | J26: 3245014942 | N26: 1 | O26: 1 | U26: 1 | W26: 1 | AD26: 1 | AG26: 1 | AJ26: 1 | AK26: 1 | AM26: 3000000 | AN26: 800000 | AO26: 2200000 | AP26: CAMPESINOS DEL MUNICIPIO Y MERCADO DE BAZURTO | AQ26: COMPRA Y VENDE | AR26: CARRETA, CUCHILLOS Y TASAS | AS26: VISITANTES DEL MUNICIPIO Y COMUNIDAD EN GENERAL | AT26: VALOR AGREGADO Y LA ÑAPA | AU26: NO | AW26: 1 | AX26: 1 | BA26: 1 | BC26: 1 | BF26: 1 | BG26: 1 | BI26: 1
A27: 24 | B27: ANTONIO ARIEL AREVALO MARRUGO | C27: 73539168 | E27: 1 | F27: BERRIO SAN JOSE | G27: AVENIDA PRINCIPAL | H27: LA BENDICION DE DIOS "DONDE EL PUPILA" | I27: VENTA DE VERDURAS Y HORTALIZAS | J27: 3217286024 | N27: 1 | O27: 1 | U27: 1 | W27: 1 | AD27: 1 | AF27: 1 | AJ27: 1 | AK27: 1 | AM27: 4500000 | AN27: 100000 | AO27: 4400000 | AP27: CAMPESINOS DEL MUNICIPIO Y MERCADO DE BAZURTO | AQ27: COMPRA PARA VENDER | AR27: PESO, CUCHILLO Y MESA | AS27: CONDUCTORES DE VEHICULOS | AT27: BUENA ATENCION | AU27: SI, WHATSAPP | AW27: 1 | AX27: 1 | BA27: 1 | BC27: 1 | BF27: 1 | BH27: 1 | BJ27: 1
A28: 25 | B28: MERIS DE ARCO GRANDETT | C28: 22789993 | D28: 1 | F28: BARRIO LA UNION | G28: BARRIO LA UNION | H28: VARIEDADES LA MONA | I28: VENTA DE PRODUCTOS Y ACCESORIOS | J28: 3008361591 | M28: 1 | O28: 1 | U28: 1 | X28: 1 | AD28: 1 | AF28: 1 | AJ28: 1 | AK28: 1 | AM28: 560000 | AN28: 135000 | AO28: 425000 | AP28: MERCADO DE BAZURTO | AQ28: COMPRA PARA VENDER | AR28: ROPERO PEQUEÑO | AS28: HABITANTES DEL SECTOR, MUJERES DE 15 AÑOS EN ADELANTE Y MOTOTAXI | AT28: PROMOCIONES Y DESCUENTOS | AU28: PROMOCIONES | AW28: 1 | AY28: 1 | BA28: 1 | BC28: 1 | BF28: 1 | BH28: 1 | BJ28: 1
A29: 26 | B29: FREDYS ALVAREZ FUENTES | C29: 3980057 | E29: 1 | F29: BARRIO LAS MALVINAS | G29: BARRIO EL LIMONAR | I29: GALLINAS PONEDORAS | K29: 1 | P29: 1 | U29: 1 | W29: 1 | AD29: 1 | AF29: 1 | AH29: 1 | AL29: 1 | AM29: 0 | AN29: 0 | AO29: 0 | AP29: POLLERAS DEL PAIS | AQ29: COMPRA Y VENTA | AR29: ALPON, COMEDEROS Y BEBEDEROS | AS29: NINGUNA | AT29: NINGUNA | AU29: NINGUNA | AW29: 1 | AY29: 1 | BA29: 1 | BC29: 1 | BE29: 1 | BH29: 1 | BJ29: 1
A30: 27 | B30: JOSE ALFONSO TUÑON JULIO | C30: 9239393 | E30: 1 | F30: BARRIO LA CEREZA | G30: AVENIDA PRINCIPAL | H30: CARNICERIA J.T | I30: VENTA DE CARNE | N30: 1 | O30: 1 | U30: 1 | W30: 1 | AE30: 1 | AF30: 1 | AH30: 1 | AK30: 1 | AM30: 54000000 | AN30: 6885000 | AO30: 47115000 | AP30: MATADERO DE SANTA ROSA | AQ30: COMPRA Y VENDE | AR30: MESA DE TRABAJO, PESO Y CUCHILLO. | AS30: AMAS DE CASA Y TIENDAS LOCALES. | AT30: NINGUNA | AU30: NINGUNA | AW30: 1 | AY30: 1 | BA30: 1 | BC30: 1 | BF30: 1 | BH30: 1 | BJ30: 1
A31: 28 | B31: ALBA ROSA GUERRERO CARRILLO | C31: 23144903 | D31: 1 | F31: BARRIO 15 DE AGOSTO | G31: BARRIO EL PARAISO | H31: DOÑA ALBA | I31: VENTA DE FRUTAS Y HORTALIZAS | J31: 3126058096 - 3014168110 | K31: 1 | O31: 1 | U31: 1 | W31: 1 | AE31: 1 | AF31: 1 | AJ31: 1 | AK31: 1 | AM31: 26000000 | AN31: 2080000 | AO31: 23920000 | AP31: MERCADO DE BAZURTO | AQ31: COMPRA PARA VENDER | AR31: CANASTILLAS | AS31: TIENDAS LOCALES Y VENDEDORES AMBULANTES | AT31: PROMOCIONES | AU31: SI, FACEBOOK | AW31: 1 | AY31: 1 | BA31: 1 | BC31: 1 | BE31: 1 | BG31: 1 | BI31: 1
A32: 29 | B32: SUSANA CAROLINA CARDENAS JIMENEZ | C32: 1048607246 | E32: 1 | F32: BARRIO LAS MALVINAS | G32: PLAZA PRINCIPAL | H32: LA PLACITA DE SUSANA | I32: VENTA DE ASADOS Y CHORIZOS | J32: 3117918102 | K32: 1 | O32: 1 | T32: 1 | W32: 1 | AE32: 1 | AF32: 1 | AJ32: 1 | AK32: 1 | AM32: 4000000 | AN32: 640000 | AO32: 3360000 | AP32: MERCADO DE BAZURTO | AQ32: ELABORA EL PRODUCTO | AR32: ASADOR, CARBON Y UTENCILIOS DE COCINA | AS32: VISITANTES DEL MUNICIPIO Y COMUNIDAD EN GENERAL | AT32: USO DE REDES SOCIALES Y EL VOZ A VOZ | AU32: SI, FACEBOOK Y WHATSAPP | AW32: 1 | AY32: 1 | BA32: 1 | BC32: 1 | BE32: 1 | BH32: 1 | BJ32: 1
A33: 30 | B33: RICARDO GONZALES ORTIZ | C33: 73534503 | E33: 1 | F33: BARRIO EL TAMARINDO | G33: PLAZA PRINCIPAL | H33: DONDE EL PAPA ABUELO | I33: VENTA DE FRITOS | J33: 3105123665 | N33: 1 | O33: 1 | T33: 1 | W33: 1 | AE33: 1 | AF33: 1 | AJ33: 1 | AK33: 1 | AM33: 8400000 | AN33: 1680000 | AO33: 6720000 | AP33: MERCADO DE BAZURTO | AQ33: ELABORA EL PRODUCTO | AR33: VITRINA Y ESTUFA INDUSTRIAL | AS33: VISITANTES DEL MUNICIPIO | AT33: BUENA ATENCION | AU33: NO | AW33: 1 | AX33: 1 | AZ33: 1 | BB33: 1 | BD33: BANCO AGRARIO | BE33: 1 | BG33: 1 | BI33: 1
A34: 31 | B34: MIRLEIDYS QUINTANA REBOLLEDO | C34: 1048608672 | D34: 1 | F34: BARRIO EL PARAISO | G34: BARRIO EL PARAISO | H34: QUE COSA BACANA | I34: VENTA DE FRITOS | J34: 3244769308 | M34: 1 | O34: 1 | T34: 1 | W34: 1 | AE34: 1 | AF34: 1 | AH34: 1 | AK34: 1 | AM34: 9600000 | AN34: 4500000 | AO34: 5100000 | AP34: SALSAMENTARIA Y ABASTOS SANTA ROSA | AQ34: ELABORA EL PRODUCTO | AR34: UTENCILIOS DE COCINA, LICUADORA Y ESTUFA | AS34: PERSONAS QUE TRANSITAN POR LA ZONA | AT34: DESCUENTOS Y REPECHAJE | AU34: NO | AW34: 1 | AX34: 1 | BA34: 1 | BB34: 1 | BD34: ACTUAR POR BOLIVAR Y BANCO AGRARIO. | BF34: 1 | BG34: 1 | BI34: 1
A35: 32 | B35: INES DE ARLEN VASQUEZ MENDOZA | C35: 23144834 | D35: 1 | F35: AVENIDA PRINCIPAL | G35: AVENIDA PRINCIPAL | H35: LOS VASQUEZ | I35: VENTA DE ALMUERZOS | J35: 3108645116 | N35: 1 | O35: 1 | T35: 1 | W35: 1 | AE35: 1 | AF35: 1 | AH35: 1 | AL35: 1 | AM35: 10400000 | AN35: 1350000 | AO35: 9050000 | AP35: TIENDAS LOCALES | AQ35: ELABORA EL PRODUCTO | AR35: ESTUFA Y UTENCILIOS DE COCINA | AS35: TRABAJADORES DE LA ZONA (CONDOMINIOS) | AT35: PUBLICIDAD Y BUENA ATENCION. | AU35: SI, FACEBOOK | AW35: 1 | AX35: 1 | AZ35: 1 | BB35: 1 | BD35: FUNDACION DE LA MUJER | BF35: 1 | BG35: 1 | BI35: 1
A36: 33 | B36: ANGELICA MEDRANO CABARCAS | C36: 64581940 | D36: 1 | F36: BARRIO LA CEREZA | G36: PLAZA PRINCIPAL | H36: EMPANADAS DONDE EL TIO | I36: VENTA DE FRITOS | M36: 1 | O36: 1 | T36: 1 | W36: 1 | AE36: 1 | AF36: 1 | AH36: 1 | AK36: 1 | AM36: 18000000 | AN36: 1750000 | AO36: 16250000 | AP36: TIENDAS LOCALES | AQ36: ELABORA EL PRODUCTO | AR36: ESTUFA Y UTENCILIOS DE COCINA | AS36: COMUNIDAD EN GENERAL | AT36: BUENA CALIDAD | AU36: NO | AW36: 1 | AX36: 1 | BA36: 1 | BC36: 1 | BF36: 1 | BH36: 1 | BI36: 1
A37: 34 | B37: BEATRIZ JUNCO URUCHURCO | C37: 45455963 | D37: 1 | F37: BARRIO EL PARAISO | G37: PLAZA PRINCIPAL | H37: LA BENDICION DE DIOS | I37: VENTA DE AREPAS RELLENAS | J37: 3158499453 | L37: 1 | O37: 1 | T37: 1 | W37: 1 | AD37: 1 | AF37: 1 | AJ37: 1 | AL37: 1 | AM37: 3000000 | AN37: 900000 | AO37: 2100000 | AP37: SALSAMENTARIA SANTA ROSA | AQ37: ELABORA EL PRODUCTO | AR37: UTENCILIOS DE COCINA Y ASADOR | AS37: JOVENES ENTRE 16 Y 25 AÑOS | AT37: NINGUNA | AU37: NO | AW37: 1 | AX37: 1 | BA37: 1 | BC37: 1 | BF37: 1 | BG37: 1 | BI37: 1
A38: 35 | B38: KENDRIS PAOLA BOLAÑO DE AVILA | C38: 1048600825 | D38: 1 | F38: AVENIDA PRINCIPAL | G38: AVENIDA PRINCIPAL | H38: CHULETAZO SALVAJE | I38: VENTA DE ASADOS Y CHORIZOS | J38: 3044319676 | L38: 1 | O38: 1 | T38: 1 | W38: 1 | AE38: 1 | AF38: 1 | AI38: 1 | AK38: 1 | AM38: 2000000 | AN38: 98000 | AO38: 1902000 | AP38: FREMAR Y LONCITY EN CARTAGENA | AQ38: ELABORA EL PRODUCTO | AR38: ASADOR, UTENCILIOS DE COCINA Y VITRINA. | AS38: CONDOMINIOS, VECIONOS DEL LIMONAR Y TRANSEUNTES. | AT38: PROMOCIONES | AU38: SI, FACEBOOK Y WHATSAPP | AW38: 1 | AX38: 1 | BA38: 1 | BC38: 1 | BE38: 1 | BG38: 1 | BI38: 1
A39: 36 | B39: LEONCIO ASMET CUSTODE GUARDO | C39: 73540060 | E39: 1 | F39: BARRIO EL TROMPO | H39: PRODUCCIONES ASMET CAMARA | I39: CREADOR DE CONTENIDO | J39: 3007210173 | N39: 1 | O39: 1 | V39: 1 | AA39: 1 | AD39: 1 | AF39: 1 | AH39: 1 | AK39: 1 | AM39: 3000000 | AN39: 800000 | AO39: 2200000 | AP39: VARIEDADES LOCALES | AR39: CAMARA FOTOGRAFICA, CAMARA DE VIDEO Y PARALES. | AS39: ALCALDIAS Y EMPRESARIOS TAURINOS. | AT39: CALIDAD UTILIZANDO EQUIPOS PROFESIONALES. | AU39: SI, FACEBOOK | AV39: 1 | BA39: 1 | BC39: 1 | BE39: 1 | BH39: 1 | BJ39: 1
A40: 37 | B40: OSCAR LUIS MARRUGO BONFANTE | C40: 73539087 | E40: 1 | F40: BARRIO CEIBA 1 | G40: BARRIO CEIBA 1 | H40: OSCAR MARRUGO LA REVISTA | I40: CREADOR DE CONTENIDO | J40: 3136119951 | N40: 1 | P40: 1 | V40: 1 | AA40: 1 | AD40: 1 | AF40: 1 | AH40: 1 | AL40: 1 | AM40: 0 | AN40: 0 | AO40: 0 | AP40: NO | AQ40: NINGUNA | AR40: COMPUTADOR Y CELULAR | AS40: COMUNIDAD EN GENERAL | AT40: NO DEJAR DE PUBLICAR | AU40: SI, FACEBOOK | AW40: 1 | AX40: 1 | BA40: 1 | BC40: 1 | BF40: 1 | BH40: 1 | BJ40: 1
A41: 38 | B41: LEWIS TORRES GARCIA | C41: 1048605633 | E41: 1 | F41: BARRIO EL SAGRADO MZ J LOTE 6 | H41: LEWIS VIDEOS | I41: CREADOR DE CONTENIDO | J41: 3217822596 | N41: 1 | P41: 1 | V41: 1 | AA41: 1 | AE41: 1 | AF41: 1 | AH41: 1 | AK41: 1 | AM41: 804000 | AN41: 500000 | AO41: 304000 | AP41: NO | AQ41: NINGUNA | AR41: CELULAR, ESTABILIZADOR PARA CELULAR Y BATERIAS PORTATILES. | AS41: PERSONAS ENTRE 25 Y 34 AÑOS. | AT41: VISITAR NUEVOS TERRITORIOS | AU41: SI, FACEBOOK | AW41: 1 | AX41: 1 | BA41: 1 | BC41: 1 | BE41: 1 | BG41: 1 | BI41: 1
A42: 39 | B42: JOSE DAVID DE ARCO DE AVILA | C42: 1048608438 | E42: 1 | F42: BARRIO BELLO VIT | H42: LAS LOCURAS DE JOSE | I42: CREADOR DE CONTENIDO | J42: 3012096998 | L42: 1 | O42: 1 | V42: 1 | AA42: 1 | AE42: 1 | AF42: 1 | AH42: 1 | AK42: 1 | AM42: 700000 | AN42: 0 | AO42: 700000 | AP42: NO | AQ42: NINGUNA | AR42: CELULAR | AS42: PERSONAS ADULTAS ENTRE LOS 30 Y 40 AÑOS | AT42: CREANDO SIEMPRE NUEVO CONTENIDO | AU42: SI, YOUTOBE, TIK TOK E INSTAGRAM | AW42: 1 | AX42: 1 | BA42: 1 | BC42: 1 | BF42: 1 | BG42: 1 | BI42: 1
A43: 40 | B43: LUZ DEIRYS ALVAREZ PARDO | C43: 1048609120 | D43: 1 | F43: BARRIO SANTA ROSITA | G43: BARRIO SANTA ROSITA | H43: R Y T EMMANUEL | I43: COLEGIO (EDUCACION INFORMAL) | J43: 3332395200 | L43: 1 | O43: 1 | S43: 1 | Y43: 1 | AE43: 1 | AF43: 1 | AH43: 1 | AK43: 1 | AM43: 700000 | AN43: 350000 | AO43: 350000 | AP43: COMERCIOS LOCALES | AQ43: SERVICIO | AR43: LAPICES Y PAPELERIA | AS43: NIÑOS ENTRE LOS 6 Y 8 AÑOS | AT43: PUBLICIDAD | AU43: SI, WHATSAPP | AW43: 1 | AX43: 1 | BA43: 1 | BC43: 1 | BE43: 1 | BG43: 1 | BI43: 1
A44: 41 | B44: SAMUEL ENRIQUE VIVANCO MEZA | C44: 9239015 | E44: 1 | F44: BARRIO EL PARAISO SEC. MEDIA TAPA | G44: BARRIO EL PARAISO SEC. MEDIA TAPA | H44: INSTITUCION MI ESCUELITA | I44: CLASES DIRIGIDAS | J44: 3205364512 | N44: 1 | O44: 1 | S44: 1 | Y44: 1 | AE44: 1 | AF44: 1 | AH44: 1 | AL44: 1 | AM44: 1590000 | AN44: 120000 | AO44: 1470000 | AP44: VARIEDADES LOCALES | AQ44: SERVICIO | AR44: PAPELERIA Y LAPICES | AS44: NIÑOS DE 6 A 15 AÑOS | AT44: BUEN TRABAJO | AU44: NO | AW44: 1 | AX44: 1 | BA44: 1 | BC44: 1 | BF44: 1 | BG44: 1 | BI44: 1
A45: 42 | B45: ELIANIS ESTHER CABALLERO GOMEZ | C45: 45753869 | D45: 1 | F45: BARRIO EL PARAISO SEC. MEDIA TAPA | G45: PARQUE SIMON BOLIVAR | H45: CARNICERIA VICTORIA HAY EN JESUS | I45: VENTA DE CARNES | J45: 3234890604 | N45: 1 | P45: 1 | Q45: VENTA DE FRITOS Y ALMUERZOS | U45: 1 | X45: 1 | AE45: 1 | AF45: 1 | AJ45: 1 | AK45: 1 | AM45: 45580000 | AN45: 9120000 | AO45: 36460000 | AP45: MATADERO SANTA ROSA Y MERCADO DE BAZURTO | AQ45: COMPRA PARA VENDER | AR45: PESO | AS45: COMUNIDAD DE SANTA ROSA | AT45: PUBLICIDAD POR REDES SOCIALES. | AU45: SI, WHATSAPP | AW45: 1 | AX45: 1 | BA45: 1 | BC45: 1 | BF45: 1 | BG45: 1 | BI45: 1
A46: 43 | B46: RAFAEL ALBERTO HERAZO BUELVAS | C46: 1048609774 | E46: 1 | F46: BARRIO LOS CIRUELOS | H46: RAFA DOUGUI | I46: CREADOR DE CONTENIDO | J46: 3137894563 | N46: 1 | O46: 1 | V46: 1 | AA46: 1 | AE46: 1 | AF46: 1 | AH46: 1 | AK46: 1 | AM46: 5000000 | AN46: 1200000 | AO46: 3800000 | AP46: NO | AQ46: NINGUNA | AR46: CAMARA Y CELULAR | AS46: HOMBRES Y MUJERES DE 18 A 35 AÑOS | AT46: CREATIVIDAD E INNOVACION | AU46: SI, FACEBOOK | AW46: 1 | AY46: 1 | BA46: 1 | BC46: 1 | BE46: 1 | BG46: 1 | BI46: 1
A47: 44 | B47: MIDNA CABARCAS GAMARRA | C47: 1048603645 | D47: 1 | F47: BARRIO LAS MALVINAS | G47: LAS MALVINAS | H47: CENTRO DE APOYO Y REFUERZO ACADEMICO | I47: CLASES DIRIGIDAS | J47: 3106456468 | N47: 1 | P47: 1 | Q47: DOCENTE | S47: 1 | Y47: 1 | AE47: 1 | AF47: 1 | AH47: 1 | AK47: 1 | AM47: 2280000 | AN47: 400000 | AO47: 1880000 | AP47: VENEPLAST | AQ47: SERVICIO | AR47: TABLERO GRANDE, MESAS CON SILLAS, 3 VENTILADORE | AS47: ESTUDIANTES | AT47: BUENA ATENCION | AU47: SI, FACEBOOK | AW47: 1 | AX47: 1 | BA47: 1 | BC47: 1 | BE47: 1 | BG47: 1 | BI47: 1
A48: 45 | B48: MONICA CANTILLO DE LAS AGUAS | C48: 23145902 | D48: 1 | F48: BARRIO PARAISO | G48: PARAISO AV PRINCIPAL | H48: CHUZOS SHEILA | I48: VENTA DE CHUZOZ, PINCHUS Y JUGOS | J48: 3234469617 | N48: 1 | O48: 1 | T48: 1 | W48: 1 | AD48: 1 | AF48: 1 | AJ48: 1 | AK48: 1 | AM48: 2600000 | AN48: 1000000 | AO48: 1600000 | AP48: ABASTOS LAS 3 J | AQ48: ELABORA EL PRODUCTO | AR48: ASADOR GRANDE, CAVA OLASTICA, VITRINA, MESA CON SILLAS, MESA GRANDE | AS48: VECINOS Y TRANSEUNTES. | AT48: PRENDER ASADOR DESDE EL MEDIO DIA, BUENA ATENCION | AU48: NO | AW48: 1 | AX48: 1 | BA48: 1 | BC48: 1 | BE48: 1 | BG48: 1 | BI48: 1
A49: 46 | B49: LUIS ALBERTO SILVA MACHACON | C49: 9186103 | E49: 1 | F49: BARRIO EL SAGRADO | G49: SAGRADO | H49: LUCHO PINTURA | I49: GRAFITIS, PINTOR AUTOMOTRIZ | J49: 3136246771 | N49: 1 | O49: 1 | S49: 1 | AB49: 1 | AE49: 1 | AF49: 1 | AH49: 1 | AK49: 1 | AM49: 11360000 | AN49: 4000000 | AO49: 7360000 | AP49: FERRETERIA EL PINTOR, | AQ49: ELEBORA SU PRODUCTO | AR49: AEROGRAFOS DE PUNTO, EQUIPO DE SOLDADURA, LIJADORA ORBITAL, TALADRO INALAMBRICO, PULIDORA INALAMBRICA | AS49: AUTOMOVILISTAS, MOTRORIZADOS, POLITICOS, ORGANIZADORES DE EVENTOS | AT49: BUEN SERVICIO | AU49: SI | AW49: 1 | AX49: 1 | BA49: 1 | BC49: 1 | BE49: 1 | BG49: 1 | BI49: 1
A50: 47 | B50: YANETH DISCUBICH ALCAZAR | C50: 23144703 | D50: 1 | F50: BARRIO LAS CEREZAS | G50: LAS CEREZAS AV PRINCIPAL | H50: REFRESCOS Y PASABOCAS YANETH | I50: VENTA DE FRITOS | N50: 1 | O50: 1 | T50: 1 | W50: 1 | AE50: 1 | AF50: 1 | AH50: 1 | AK50: 1 | AM50: 9000000 | AN50: 3500000 | AO50: 5500000 | AP50: ABASTOS LAS 3 J | AQ50: ELABORA SU PRODUCTO | AR50: MEZON DE ALUMINIO, VITRINA GRANDE, JUEGO DE MESAS CON SILLAS | AS50: ESTUDIANTES, VECINOS, TRANSEUNTES | AT50: EXELENTE SERVICIO, BUENA SASON | AU50: NO | AV50: 1 | BA50: 1 | BC50: 1 | BE50: 1 | BG50: 1 | BI50: 1
A51: 48 | B51: ANYER MESA CANTILLO | C51: 1048279074 | E51: 1 | F51: BARIO EL SAGRADO | G51: PLAZA PRINCIPAL | H51: ANYELO DEDITOS | I51: VENTA DE FRITOS | J51: 3113811854 | N51: 1 | O51: 1 | T51: 1 | W51: 1 | AE51: 1 | AF51: 1 | AJ51: 1 | AK51: 1 | AM51: 14040000 | AN51: 7500000 | AO51: 6540000 | AP51: SALSAMENTARIA | AQ51: ELABORA SU PRODUCTO | AR51: MESA EN ASERO GRANDE, EXPRIMIDOR DE NARANJA ELECTRICO, CILINDRADORA, CARPA | AS51: ESTUDIANTES, TRANCEUNTES | AT51: BUENA ATENCION Y PRESENTACION | AU51: NO | AW51: 1 | AX51: 1 | BA51: 1 | BC51: 1 | BF51: 1 | BG51: 1 | BI51: 1
A52: 49 | B52: MARELVIS OROZCO PEREZ | C52: 23144864 | D52: 1 | F52: BARRIO PARAISO | G52: PARAISO AV PRINCIPAL | H52: VARIEDADES EL CAMINANTE | I52: VENTA DE ARTESANIAS | J52: 3135337481 | M52: 1 | O52: 1 | U52: 1 | X52: 1 | AE52: 1 | AF52: 1 | AH52: 1 | AK52: 1 | AM52: 8380000 | AN52: 4500000 | AO52: 3880000 | AP52: MERCADO DE BAZURTO, ARTESANOS DE SAN JACINTO, ARTESANOS DE TUCHIN | AQ52: COMPRA PARA VENDER | AR52: MESA GRANDE Y VITRINAS | AS52: TRANSEUNTES | AT52: BARIEDAD DE PRODUCTOS, BUENA ATENCION | AU52: NO | AW52: 1 | AX52: 1 | BA52: 1 | BC52: 1 | BE52: 1 | BG52: 1 | BI52: 1
A53: 50 | B53: OSWALDO ORTIZ REBOLLEDO | C53: 73540046 | E53: 1 | F53: PLAZA PRINCIPAL | G53: PLAZA PRINCIPAL | H53: LAS DELICIAS DEL ORTIZ | I53: VENTA DE CHICHARRON Y VICERAS | N53: 1 | O53: 1 | T53: 1 | W53: 1 | AE53: 1 | AF53: 1 | AH53: 1 | AK53: 1 | AM53: 8640000 | AN53: 4500000 | AO53: 4140000 | AP53: CHULETAZO | AQ53: ELABORA SU PRODUCTO | AR53: VITRINA GARNDE, MESA CON SILLAS, CALDERO, ESTUFA INDUSTRIAL, CARPA | AS53: VECINOS Y TRANSEUNTES | AT53: BUENA ATENCION AL CLIENTE | AU53: NO | AW53: 1 | AX53: 1 | BA53: 1 | BC53: 1 | BF53: 1 | BG53: 1 | BI53: 1
A54: 51 | B54: YULIETH PAOLA ARNEDO ACEVEDO | C54: 1048601566 | D54: 1 | F54: BARRIO PARAISO | G54: LAS CEREZAS AV PRINCIPAL | H54: SABOR BENDITO | I54: VENTA DE FRITOS | J54: 3127142104 | N54: 1 | O54: 1 | T54: 1 | W54: 1 | AE54: 1 | AF54: 1 | AH54: 1 | AK54: 1 | AM54: 5535000 | AN54: 2700000 | AO54: 2835000 | AP54: TIENDA MEDELLIN | AQ54: ELABORA SU PRODUCTO | AR54: LICUADORA, MESAS CON SILLAS CAVA ICOPOR GRANDE | AS54: VECINOS Y TRANSEUNTES | AT54: PUBLICACIONES EN REDES SOCIALES | AU54: SI, WHATSAP, FACEBOK | AW54: 1 | AX54: 1 | BA54: 1 | BC54: 1 | BE54: 1 | BG54: 1 | BI54: 1
A55: 52 | B55: FILADELFO MORALES PADILLA | C55: 3979872 | E55: 1 | F55: BARRIO LAS CEREZAS | G55: AV PRINCIPAL, ENTRADA DE LA CEIBA | H55: ESPENDIO LA ESPERANZA | I55: VENTA DE LEGUNBRES | J55: 3233122687 | N55: 1 | O55: 1 | U55: 1 | X55: 1 | AD55: 1 | AF55: 1 | AH55: 1 | AK55: 1 | AM55: 2485000 | AN55: 900000 | AO55: 1585000 | AP55: MERCADO DE BAZURTO | AQ55: COMPRA PARA VENDER | AR55: ARREGLO DEL MESON | AS55: VECINOS Y TRANSEUNTES | AT55: BUENA ATENCION | AU55: NO | AW55: 1 | AX55: 1 | BA55: 1 | BC55: 1 | BF55: 1 | BG55: 1 | BI55: 1
A56: 53 | B56: ESTELIA GOMEZ RAMOS | C56: 45586513 | D56: 1 | F56: BARRIO SAN JOSE | G56: CAMPAÑA | H56: PORCICULTURA LA FE EN DIOS | I56: VENTA DE CERDOS | J56: 3006727889 | M56: 1 | O56: 1 | U56: 1 | X56: 1 | AE56: 1 | AF56: 1 | AH56: 1 | AK56: 1 | AM56: 1550000 | AN56: 600000 | AO56: 950000 | AP56: AGROCAMPO | AQ56: CRIA Y VENTA | AR56: MEJORAR LA ESTRUCTURA DEL CRIADERO | AS56: COMERCIALTES Y CARNICERIAS DE SANTA ROSA | AT56: VOZ AVOZ | AU56: NO | AW56: 1 | AX56: 1 | BA56: 1 | BC56: 1 | BF56: 1 | BG56: 1 | BI56: 1
A57: 54 | B57: EDGAR ORTIZ BELLIDO | C57: 73539917 | E57: 1 | F57: TERCERA CALLE DEL POLVILLO | G57: CALLES DEL MUNICIPIO | H57: SUERO EL PECHICHE | I57: VENTA DE SUERO Y QUESO | J57: 3137296586 | N57: 1 | O57: 1 | T57: 1 | W57: 1 | AE57: 1 | AG57: 1 | AI57: 1 | AK57: 1 | AM57: 6960000 | AN57: 3500000 | AO57: 3460000 | AP57: FINCA SENEGAL, MERCADO DE BAZURTO | AQ57: ELABORA SU PRODUCTO | AR57: NEVERA DE REFRIGERACION, TRICICLO LICUADORA | AS57: COMUNIDAD SANTAROSERA | AT57: BUENA ATENCION | AU57: NO | AW57: 1 | AX57: 1 | BA57: 1 | BC57: 1 | BE57: 1 | BG57: 1 | BI57: 1
A58: 55 | B58: LUIS MIGUEL MARRUGO CARDENAS | C58: 1048606710 | E58: 1 | F58: BARRIO 15 DE AGOSTO | G58: AV PRINCIPAL FRENTE AL HOSPITAL | H58: FRUTERA LA FE EN DIOS | I58: VENTA DE FRUTAS Y LEGUMBRES | J58: 3234257328 | N58: 1 | O58: 1 | U58: 1 | X58: 1 | AE58: 1 | AF58: 1 | AH58: 1 | AK58: 1 | AM58: 3250000 | AN58: 1300000 | AO58: 1950000 | AP58: MERCADO DE BAZURTO Y CAMPESINOS DE LA REGION | AQ58: COMPRA PARA VENDER | AR58: EXHIBIDORES METALICOS, PESO ELECTRONICO, MESA METALICA | AS58: VECINOS Y TRANCEUNTES | AT58: LIMPIEZA, BUENA ATENCION | AU58: SI, FACEBOK | AW58: 1 | AX58: 1 | BA58: 1 | BC58: 1 | BF58: 1 | BG58: 1 | BI58: 1
A59: 56 | B59: LUIS ALFONSO MERCADO PINTO | C59: 9239595 | E59: 1 | F59: BARRIO LAS GAVIOTAS | G59: CALLES DEL MUNICIPIO | I59: VENTA AMBULANTE DE CAFÉ, AROMATICA, MECATOS | J59: 3215660061 | N59: 1 | O59: 1 | U59: 1 | X59: 1 | AD59: 1 | AG59: 1 | AI59: 1 | AK59: 1 | AM59: 3150000 | AN59: 1300000 | AO59: 1850000 | AP59: ABASTOS LAS 3 J | AQ59: COMPRA PARA VENDER | AR59: TRICICLO, SOMBRILLA | AS59: COMUNIDAD DE SANTAROSA | AT59: BUENA ATENCION | AU59: NO | AW59: 1 | AX59: 1 | BA59: 1 | BC59: 1 | BF59: 1 | BG59: 1 | BI59: 1
A60: 57 | B60: MARIBEL RICARDO JIMENEZ | C60: 23145501 | D60: 1 | F60: BARRIO TREBOL 2 | G60: CALLES DEL MUNICIPIO | H60: PETO RICO | I60: VENTA DE PETO | J60: 323331873 | M60: 1 | O60: 1 | T60: 1 | W60: 1 | AE60: 1 | AG60: 1 | AI60: 1 | AK60: 1 | AM60: 5100000 | AN60: 3000000 | AO60: 2100000 | AP60: ARA, ABASTOS LAS 3 J, SALSAMENTARIA | AQ60: ELABORA SU PRODUCTO | AR60: TRICICLO, SOMBRILLA, ESTUFA INDISTRIAL, OLLA GRANDE | AS60: COMUNIDAD DE SANTAROSA | AT60: BUENA ATENCION | AU60: NO | AW60: 1 | AX60: 1 | BA60: 1 | BC60: 1 | BF60: 1 | BG60: 1 | BI60: 1
A61: 58 | B61: MIGUEL ANGEL MERCADO PINTO | C61: 1048604731 | E61: 1 | F61: BARRIO EL POLVILLO | G61: CALLES DEL MUNICIPIO | H61: EL ANGEL DE LA CALLE | I61: VENTA DE MERIENDAS, CAFÉ CHOCOLATE | J61: 3215660061 | N61: 1 | O61: 1 | U61: 1 | X61: 1 | AE61: 1 | AG61: 1 | AI61: 1 | AL61: 1 | AM61: 9123000 | AN61: 6000000 | AO61: 3123000 | AP61: MERCADO DE BAZURTO, ABASTOS LAS 3 J | AQ61: COMPRA PARA VENDER | AR61: TRICICLO, TERMOS, SOMBRILLA, UTENCILIO | AS61: COMUNIDAD DE SANTAROSA | AT61: BUENA ATENCION | AU61: NO | AW61: 1 | AX61: 1 | BA61: 1 | BC61: 1 | BF61: 1 | BG61: 1 | BI61: 1
A62: 59 | B62: YURANIS VIVANCO PAJARO | C62: 45361327 | D62: 1 | F62: BARRIO EL SAGRADO | G62: LAS CEREZAS AV PPAL | H62: LA BENDICION DE DIOS | I62: VENTA DE FRITOS | J62: 3245775792 | N62: 1 | O62: 1 | T62: 1 | W62: 1 | AE62: 1 | AF62: 1 | AH62: 1 | AK62: 1 | AM62: 8410000 | AN62: 6000000 | AO62: 2410000 | AP62: TIENDA MEDELLIN | AQ62: ELABORA SU PRODUCTO | AR62: VITRINA, MESAS CON SILLAS, CAVA PLASTICA, CARDERO PARA FRITAR | AS62: VECINOS Y TRANSEUNTES | AT62: BUENA ATENCION Y BUEN SAZON | AU62: NO | AW62: 1 | AX62: 1 | BA62: 1 | BC62: 1 | BF62: 1 | BG62: 1 | BI62: 1
A63: 60 | B63: EMILSA CANTILLO DE LAS AGUAS | C63: 23144999 | D63: 1 | F63: BARRIO PARAISO | G63: CALLES DEL MUNICIPIO | H63: BOLLOS EMILSA | I63: VENTA DE BOLLOS | J63: 3008668211 | N63: 1 | O63: 1 | T63: 1 | W63: 1 | AE63: 1 | AG63: 1 | AI63: 1 | AK63: 1 | AM63: 6890000 | AN63: 4000000 | AO63: 2890000 | AP63: TIENDA LA MILAGRISA | AQ63: ELABORA SU PRODUCTO | AR63: OLLA , MOLINO ELECTRICO, PORCELANAS PUNZON, COCHE | AS63: AMAS DE CASA, COMUNIDAD EN GENERAL | AT63: POPULARIDAD EN CALLE | AU63: NO | AW63: 1 | AX63: 1 | BA63: 1 | BC63: 1 | BF63: 1 | BG63: 1 | BI63: 1
A64: 61 | B64: RUBI CANTILLO DE LAS AGUAS | C64: 23145903 | D64: 1 | F64: BARRIO PARAISO | G64: CALLES DEL MUNICIPIO | I64: ELABORACION Y VENTA DE SUERO | J64: 3234681864 | N64: 1 | O64: 1 | T64: 1 | W64: 1 | AD64: 1 | AG64: 1 | AI64: 1 | AK64: 1 | AM64: 2860000 | AN64: 1300000 | AO64: 1560000 | AP64: FINCA LA CAMPANA | AQ64: ELABORA SU PRODUCTO | AR64: TRICICLO, 3 BALDES CON TAPA, 1 LICUADORA, MESA, COLADOR REMILLON, BOCINA | AS64: AMAS DE CASA, COMUNIDAD EN GENERAL | AT64: BUENA ATENCION | AU64: NO | AW64: 1 | AX64: 1 | BA64: 1 | BC64: 1 | BF64: 1 | BG64: 1 | BI64: 1
A65: 62 | B65: ALCIRA MARIA RAMOS CABARCAS | C65: 45360945 | D65: 1 | F65: BARRIO SAN ANTONIO | G65: SAN ANTONIO | H65: LA TERRAZA DEL PATACON | I65: VENTA DE REFRIGERIOS | J65: 3126168620 | M65: 1 | O65: 1 | T65: 1 | W65: 1 | AE65: 1 | AF65: 1 | AH65: 1 | AK65: 1 | AM65: 7200000 | AN65: 3500000 | AO65: 3700000 | AP65: SALSAMENTARIA | AQ65: ELABORA SU PRODUCTO | AR65: VITRINA, CONGELADOR, MESAS CON SILLAS, CABA PLASTICA | AS65: ESTUDIANTES, VECINOS DEL SECTOR | AT65: PROMOCIONES Y PUBLICIDAD | AU65: SI, FACEBOOK, WHATSAP | AW65: 1 | AX65: 1 | BA65: 1 | BC65: 1 | BE65: 1 | BG65: 1 | BI65: 1
A66: 63 | B66: SIXTO DE LAS AGUAS DE HORTA | C66: 9186685 | E66: 1 | F66: BARRIO EL FONDO | G66: AV. PRINCIPAL | H66: LA MANO DE DIOS | I66: VENTA DE FRUTAS | J66: 3218284516 | N66: 1 | O66: 1 | U66: 1 | X66: 1 | AD66: 1 | AG66: 1 | AI66: 1 | AK66: 1 | AM66: 2210000 | AN66: 800000 | AO66: 1410000 | AP66: MERCADO DE BAZURTO | AQ66: COMPRA Y VENTA | AR66: BASCULA DIGITAL, SOMBRILLA GRANDE | AS66: COMUNIDAD EN GENERAL | AT66: CALIDAD DEL PRODUCTO | AU66: NO | AW66: 1 | AX66: 1 | BA66: 1 | BC66: 1 | BE66: 1 | BG66: 1 | BI66: 1
A67: 64 | B67: FRANCISCO JOSE BELLIDO VIVANCO | C67: 71590165 | E67: 1 | F67: BARRIO EL PARAISO | G67: CALLES DEL MUNICIPIO | H67: BUTIS DE PACHO | I67: VENTA DE BUTIFARRA Y HUEVO COCIDO | J67: 3225894688 | N67: 1 | O67: 1 | T67: 1 | W67: 1 | AE67: 1 | AG67: 1 | AI67: 1 | AL67: 1 | AM67: 11040000 | AN67: 7680000 | AO67: 3360000 | AP67: COMERCIO EL POZON, ABASTOS SANTA ROSA | AQ67: ELABORA SU PRODUCTO | AR67: CARRO AZADOR MOVIL, SOMBRILLA | AS67: COLEGIOS Y COMUNIDAD EN GENERAL | AT67: MUESTRAS GRATIS | AU67: NO | AW67: 1 | AX67: 1 | AZ67: 1 | BB67: 1 | BD67: BANCO AGRARIO | BF67: 1 | BG67: 1 | BI67: 1
A68: 65 | B68: JAINER FRANCO MANJARREZ | C68: 1048603095 | E68: 1 | F68: BARRIO SAN JOSE | G68: BARRIO SAN JOSE, BARRIOS DEL MUNICIPIO | H68: FRUVER JAINER | I68: VENTA DE FRUTAS, VERDURAS | J68: 3145498525 | N68: 1 | O68: 1 | U68: 1 | X68: 1 | AD68: 1 | AG68: 1 | AI68: 1 | AK68: 1 | AM68: 3200000 | AN68: 1200000 | AO68: 2000000 | AP68: BAZURTO | AQ68: COMPRA Y VENTA | AR68: UNA CARRETILLA, SOMBRILLA, PESO, CANASTAS | AS68: COMUNIDAD EN GENERAL | AT68: BUENA ATENCIÓN | AU68: NO UTILIZA | AW68: 1 | AX68: 1 | BA68: 1 | BC68: 1 | BF68: 1 | BG68: 1 | BI68: 1
A69: 66 | B69: LUIS DAVID MAZA MORALES | C69: 9186121 | E69: 1 | F69: BARRIO VILLA ANA 2 | G69: VILLA ANA 2, BARRIOS DEL MUNICIPIO | H69: FRUTAS FRESCAS EL PIPA | I69: VENTA DE FRUTAS Y VERDURAS | J69: 3008362535 | N69: 1 | O69: 1 | U69: 1 | X69: 1 | AD69: 1 | AG69: 1 | AI69: 1 | AK69: 1 | AM69: 4300000 | AN69: 1700000 | AO69: 2600000 | AP69: BAZURTO | AQ69: COMPRA Y VENTA | AR69: CARRETILLA, PESO , SOMBRILLA | AS69: COMUNIDAD EN GENERAL | AT69: EL CARISMA Y EL ENTUSIASMO AL CLIENTE | AU69: NO UTILIZA | AW69: 1 | AY69: 1 | BA69: 1 | BC69: 1 | BF69: 1 | BH69: 1 | BJ69: 1
A70: 67 | B70: PAOLA MARIA MERCADO CERA | C70: 45360204 | D70: 1 | F70: BARRIO VILLA OLI | G70: BARRIO VILLA OLI | H70: EL FUTURO DEL MAÑANA | I70: TAREAS DIRIGIDAS, REFUERZO | J70: 3106827156 | N70: 1 | O70: 1 | S70: 1 | Y70: 1 | AE70: 1 | AF70: 1 | AH70: 1 | AK70: 1 | AM70: 2550000 | AN70: 300000 | AO70: 2250000 | AP70: PADRES DE FAMILIA | AQ70: PRESTA UN SERVICIO | AR70: MESAS, SILLAS, ABANICOS, TABLEROS, LIBROS, MARCADORES | AS70: PADRES DE FAMILIA, NIÑOS, NIÑAS | AT70: CALIDAD EN LA ENSEÑANZA PARA LOS NIÑOS | AU70: UTILIZA WHATSAPP Y FACEBOOK | AW70: 1 | AY70: 1 | AZ70: 1 | BB70: 1 | BD70: BANCO MUNDO MUJER | BF70: 1 | BH70: 1 | BJ70: 1
A71: 68 | B71: MARIA DEL ROSARIO CASTELLANO OROZCO | C71: 23145255 | D71: 1 | F71: BARRIO SAN JOSE | G71: BARRIO SAN JOSE, PLAZA PRINCIPAL DEL MUNICIPIO | H71: PETOS Y DELICIOSOS FRITOS DOÑA MARIA | I71: PETOS, FRITOS DE MAIZ, EMPANADA DE POLLO, CARNE, PAPA DE CARNE | J71: 3112701344 | N71: 1 | O71: 1 | T71: 1 | W71: 1 | AE71: 1 | AG71: 1 | AI71: 1 | AK71: 1 | AM71: 5495000 | AN71: 2600000 | AO71: 2895000 | AP71: ARA, ABASTOS LAS 3 J | AQ71: LO ELABORA, COMPRA, VENTA | AR71: UNA CARRETILLA PEQUEÑA, UNA OLLA GRANDE, VITRINA | AS71: SECTOR POR DONDE VIVE, PLAZA PRINCIPAL | AT71: CARISMA, AMOR, PACIENCIA Y BUEN HUMOR | AU71: NO UTILIZA | AW71: 1 | AX71: 1 | AZ71: 1 | BB71: 1 | BD71: BANCO AGRARIO | BF71: 1 | BG71: 1 | BI71: 1
A72: 69 | B72: LUIS ALBERTO MORALES MONTES | C72: 9105068 | E72: 1 | F72: AVENIDA PRINCIPAL | G72: AVENIDA PRINCIPAL | H72: EL VIEJO MORALES | I72: VENTA DE YUCA, ÑAME, AGUACATE, SUERO | J72: 3235363543 | M72: 1 | O72: 1 | U72: 1 | X72: 1 | AE72: 1 | AF72: 1 | AH72: 1 | AK72: 1 | AM72: 4500000 | AN72: 1800000 | AO72: 2700000 | AP72: DEPOSITOS DEL CARMEN DE BOLIVAR Y FABIO EL CACHACO | AQ72: COMPRA, ELABORA Y VENTA | AR72: MACHETES, LICUADORA, TRES MESAS DE TRABAJO | AS72: COMUNIDAD EN GENERAL, MOTOTAXIS, CLIENTES FIJOS | AT72: BUEN HUMOR, BUENA ATENCIÓN | AU72: NO UTILIZA | AW72: 1 | AY72: 1 | AZ72: 1 | BB72: 1 | BD72: BANCO BOGOTA | BE72: 1 | BH72: 1 | BJ72: 1
A73: 70 | B73: SANDY REBOLLEDO FAJARDO | C73: 1048609757 | D73: 1 | F73: BARRIO EL OLIVO | G73: PLAZA PRINCIPAL | H73: LOS PASTELES DE SANDY | I73: VENTA DE PASTELES DE POLLO, CERDO Y MIXTOS | J73: 3205256611 | K73: 1 | O73: 1 | T73: 1 | W73: 1 | AE73: 1 | AF73: 1 | AJ73: 1 | AK73: 1 | AM73: 11700000 | AN73: 6700000 | AO73: 5000000 | AP73: ABASTOS LAS 3J Y UNA CARNICERIA EN CARTAGENA | AQ73: LO COMPRA, LO ELABORA Y VENTA | AR73: CAVA, SILLAS PLASTICAS, OLLA GRANDE, UTENSILIOS | AS73: LOS COMERCIANTES DE LA PLAZA PRINCIPAL | AT73: HACER UN BUEN PRODUCTO | AU73: UTILIZA FACEBOOK | AW73: 1 | AX73: 1 | BA73: 1 | BC73: 1 | BF73: 1 | BG73: 1 | BI73: 1
A74: 71 | B74: JORGE LUIS ANDRADES SOLER | C74: 25794613 | E74: 1 | F74: BARRIO EL PARAISO | G74: BARRIO EL PARAISO | H74: CHAMO CHUZO | I74: VENTA DE CHUZOS DE CHORIZOS, BOLLOS DE PROMASA | J74: 3054329333 | N74: 1 | O74: 1 | U74: 1 | W74: 1 | AE74: 1 | AF74: 1 | AJ74: 1 | AK74: 1 | AM74: 2850000 | AN74: 850000 | AO74: 2000000 | AP74: SALSAMENTARIA, AVICAMPO CARTAGENA Y MARCA GLACIAL | AQ74: LO COMPRA Y VENTA | AR74: ASADOR DE PARRILLA, UNA MESA DE TRABAJO, UNA SOMBRILLA GRANDE, UNA CAVA | AS74: MOTOTAXISTAS, TAXISTAS Y TODA PERSONA QUE QUIERA CONSUMIR LOS PRODUCTOS | AT74: BUENA ATENCIÓN | AU74: UTILIZA FACEBOOK, WHATSAPP Y TIKTOK | AW74: 1 | AX74: 1 | BA74: 1 | BC74: 1 | BE74: 1 | BG74: 1 | BI74: 1
A75: 72 | B75: VIVIAN TUÑON BENITEZ | C75: 45360070 | D75: 1 | F75: AVENIDA PRINCIPAL | G75: AVENIDA PRINCIPAL | H75: ANTOJOS A OTRO NIVEL | I75: VENTA DE FRITOS | J75: 3052529692 | N75: 1 | O75: 1 | T75: 1 | W75: 1 | AE75: 1 | AF75: 1 | AJ75: 1 | AL75: 1 | AM75: 12360000 | AN75: 7300000 | AO75: 5060000 | AP75: CONGELADOS NOHOOA, EL ARA LAS 3 J | AQ75: LO COMPRA, LO ELABORA Y VENTA | AR75: VITRINA PEQUEÑA, ESTUFA INDUSTRAL, 3 SILLAS PLASTICAS, 2 MESAS, 2 CALDEROS | AS75: TAXISTAS, MOTOTAXIS, PERSONAL DEL HOSPITAL Y COMUNIDAD EN GENERAL | AT75: NINGUNA | AU75: ALGUNAS VECES WHATSAP | AV75: 1 | AX75: 1 | BA75: 1 | BC75: 1 | BF75: 1 | BG75: 1 | BI75: 1
A76: 73 | B76: YOMIRA JIMENEZ ESCOBAR | C76: 1048608565 | D76: 1 | F76: BARRIOS SAN JOSE | G76: AVENIDA PRINCIPAL | H76: EL SAZÓN DE YADUVI | I76: ELABORACION DE DEDOS DE QUESO, BOCADILLO, EMPANADAS DE CARNE, POLLO | J76: 3107466430 | M76: 1 | O76: 1 | T76: 1 | W76: 1 | AE76: 1 | AF76: 1 | AJ76: 1 | AK76: 1 | AM76: 2000000 | AN76: 700000 | AO76: 1300000 | AP76: ABASTOS LAS PRINCIPAL | AQ76: LO ELABORA | AR76: VITRINA MEDIANA, MESA EN LAMINA, SILLAS PLASTICAS | AS76: PERSONAL DE SOPLAVIENTO, ARENAL Y SANTA ROSA | AT76: A TRAVEZ DE PUBLICIDAD POR FACEBOOK | AU76: FACEBOOK, WHATSAPP E INSTAGRAM | AW76: 1 | AX76: 1 | BA76: 1 | BC76: 1 | BE76: 1 | BG76: 1 | BI76: 1
A77: 74 | B77: SHAROL GOMEZ GOMEZ | C77: 1122812117 | D77: 1 | F77: MALVINAS AV PRINCIPAL | G77: MALVINAS AV PRINCIPAL | H77: SAZON EN BRASAS | I77: ELABORACION DE AREPAS RELLENAS Y BURRITOS | J77: 3206855895 | K77: 1 | O77: 1 | T77: 1 | W77: 1 | AE77: 1 | AF77: 1 | AJ77: 1 | AK77: 1 | AM77: 7300000 | AN77: 3300000 | AO77: 4000000 | AP77: SALSAMENTARIA | AQ77: LO ELABORA | AR77: MOLINO MANUAL, ASADOR Y UTENSILIOS DE COCINA | AS77: JOVENES, ADULTOS Y COMUNIDAD EN GENERAL | AT77: PUBLICIDAD EN REDES SOCIALES | AU77: FACEBOOK, WHATSAPP | AW77: 1 | AX77: 1 | BA77: 1 | BC77: 1 | BE77: 1 | BG77: 1 | BI77: 1
A78: 75 | B78: BERNUIL SUAREZ VANEGAS | C78: 1048604384 | E78: 1 | F78: SAGRADO | G78: PLAZA PRINCIPAL | H78: SUPER AREPA LA BENDICION #2 | I78: AREPA, CHORIZO Y ASADOS | J78: 3042712500 | L78: 1 | O78: 1 | T78: 1 | W78: 1 | AE78: 1 | AF78: 1 | AJ78: 1 | AK78: 1 | AM78: 15400000 | AN78: 11400000 | AO78: 4000000 | AP78: SALSAMENTARIA SR RODRIGO QUESERA, BAZURTO | AQ78: LO COMPRA | AR78: MESA PARRILLA, UN MICROONDAS, MESAS PLASTICAS | AS78: COMUNIDAD EN GENERAL | AT78: CALIDAD DE LOS PRODUCTOS, CARISMA | AU78: NO UTILIZA | AW78: 1 | AX78: 1 | BA78: 1 | BB78: 1 | BD78: SERFINANZA | BE78: 1 | BG78: 1 | BI78: 1
A79: 76 | B79: ZULAY SALGADO JIMENEZ | C79: 231.456.47 | D79: 1 | F79: SAN JOSE | G79: AVENIDA PRINCIPAL | H79: EL BUEN SABOR DE ZULAY | I79: VENTA DE FRITOS, AREPA DE HUEVO, CARIMAÑOLAS | J79: 3103728508 | N79: 1 | O79: 1 | T79: 1 | W79: 1 | AE79: 1 | AF79: 1 | AJ79: 1 | AK79: 1 | AM79: 6700000 | AN79: 2700000 | AO79: 4000000 | AP79: ABASTOS MEDELLIN, ARA, CARRETILLEROS | AQ79: LO COMPRA Y ELABORA | AR79: VITRINA PEQUEÑA, MESA DE TRABAJO, ESTUFA INDUSTRIAL | AS79: COMUNIDAD EN GENERAL | AT79: BUEN SAZON, SABOR, ATENCION Y LA ÑAPA | AU79: NO UTILIZA | AV79: 1 | AX79: 1 | AZ79: 1 | BB79: 1 | BD79: BANCAMIA | BF79: 1 | BG79: 1 | BI79: 1
A80: 77 | B80: ANDRIS REBOLLEDO BELLO | C80: 1002257904 | E80: 1 | F80: BARRIO 30 DE AGOSTO | G80: BARRIO EL PARAISO | H80: ANDRIS EL NUEVO COMIENZO | I80: RESTAURANTE | J80: 3214050254 | N80: 1 | O80: 1 | T80: 1 | W80: 1 | AE80: 1 | AF80: 1 | AH80: 1 | AK80: 1 | AM80: 15465000 | AN80: 2150000 | AO80: 13315000 | AP80: MERCADO DE BAZURTO Y PROCARNES | AQ80: PREPARA Y VENDE EL PRODUCTO | AR80: ESTUFA, UTENSILIOS DE COCINA, 2 MESAS, 4 SILLAS | AS80: CONDOMINIOS Y PROFESORES DE LA ZONA | AT80: MANEJA PRECIOS JUSTOS, CALIDAD, SAZON, PROMOCIONES | AU80: WHATSAPP Y FACEBOOK | AW80: 1 | AX80: 1 | BA80: 1 | BC80: 1 | BE80: 1 | BG80: 1 | BI80: 1
A81: 78 | B81: LUCELLIS CAMARGO DE LAS AGUAS | C81: 45586323 | D81: 1 | F81: CALLE LAS CEREZAS, SECTOR TERRAPLEN | G81: CALLE LAS CEREZAS, SECTOR TERRAPLEN | H81: EMPANADAS Y PATACONES DOÑA BLANCA | I81: VENTA DE FRITOS | J81: 3016191393 | M81: 1 | O81: 1 | T81: 1 | W81: 1 | AE81: 1 | AF81: 1 | AI81: 1 | AK81: 1 | AM81: 4080000 | AN81: 2600000 | AO81: 1480000 | AP81: ABASTOS LAS 3J Y SALSAMENTARIA | AQ81: FABRICA PARA VENDER | AR81: VITRINA PEQUEÑA, CALDERO, OLLA, ESTUFA DOMESTICA, UTENSILIOS | AS81: VECINOS, ESTUDIANTES | AT81: BUENA ATENCIÓN | AU81: FACEBOOK | AW81: 1 | AX81: 1 | BA81: 1 | BC81: 1 | BE81: 1 | BG81: 1 | BI81: 1
A82: 79 | B82: HENAUDID MELGAREJO PINTO | C82: 45361007 | D82: 1 | F82: BARRIO SEGUNDA DE LOPEZ | G82: BARRIO SEGUNDA DE LOPEZ, BARRIOS DEL MUNICIPIO | H82: ANTOJITOS M Y F ASOCIADOS | I82: VENTA DE FRITOS | J82: 3147504302 | L82: 1 | O82: 1 | T82: 1 | W82: 1 | AE82: 1 | AG82: 1 | AI82: 1 | AK82: 1 | AM82: 2730000 | AN82: 1500000 | AO82: 1230000 | AP82: ABARROTES EL MERCADITO, SALSAMENTARIA | AQ82: FABRICA PARA VENDER | AR82: ESTUFA, UN CALDERO, UNA VITRINA PEQUEÑA, UNA MESA | AS82: GALLERAS, VECINAS Y COMUNIDAD EN GENERAL | AT82: BUENA ATENCIÓN | AU82: NO UTLIZA | AW82: 1 | AX82: 1 | BA82: 1 | BC82: 1 | BF82: 1 | BH82: 1 | BJ82: 1
A83: 80 | B83: JOSE MARQUEZ VENECIA | C83: 926787 | E83: 1 | F83: CALLE NUEVA | G83: CALLE NUEVA Y BARRIOS DEL MUNICIPIO | H83: RASPAO NATACHA | I83: VENTA DE RASPAO | J83: 3174764895 | N83: 1 | O83: 1 | T83: 1 | W83: 1 | AD83: 1 | AG83: 1 | AI83: 1 | AL83: 1 | AM83: 1305000 | AN83: 600000 | AO83: 700000 | AP83: ABASTOS LAS 3J, COMERCIO CARTAGENA | AQ83: FABRICA PARA VENDER | AR83: CARRO DE RASPAO, MAQUINA DE RASPAO, TARROS DE SABORES | AS83: JOVENES DE LAS INSTITUCIONES EDUCATIVAS | AT83: BUEN SABOR, PROMOCIONES AL CLIENTE | AU83: NO UTILIZA | AW83: 1 | AY83: 1 | BA83: 1 | BC83: 1 | BF83: 1 | BH83: 1 | BJ83: 1
A84: 81 | B84: LISETH MARIA GUERRERO JUNCO | C84: 1052740022 | D84: 1 | F84: BARRIO VILLA ROXANA | G84: VILLA ROXANA | I84: VENTA DE ASADOS Y CHORIZOS | J84: 3001743851 | M84: 1 | O84: 1 | T84: 1 | W84: 1 | AD84: 1 | AF84: 1 | AH84: 1 | AK84: 1 | AM84: 2000000 | AN84: 200000 | AO84: 1800000 | AP84: TIENDAS LOCALES | AQ84: FABRICA PARA VENDER | AR84: ASADOR, MESAS CON SILLAS, CALDEROS, REFRACTARIAS | AS84: VECINOS, SECTORES ALEDAÑOS AL NEGOCIO | AT84: PUBLICACIONES EN REDES SOCIALES | AU84: SI, WHATSAP | AW84: 1 | AX84: 1 | BA84: 1 | BC84: 1 | BF84: 1 | BG84: 1 | BI84: 1
A85: 82 | B85: MARINA CANOLES DE LAS AGUAS | C85: 23125640 | D85: 1 | F85: BARRIO PARAISO | G85: PARAISO AV PRINCIPAL | H85: FRITOS Y MAS | I85: VENTA DE FRITOS | J85: 3016527909 | N85: 1 | O85: 1 | T85: 1 | W85: 1 | AE85: 1 | AF85: 1 | AH85: 1 | AK85: 1 | AM85: 10650000 | AN85: 7500000 | AO85: 3060000 | AP85: TIENDA EL MILAGROSO, CERDO EL NEGRO | AQ85: FABRICA PARA VENDER | AR85: VITRINA GRANDE, MESAS CON SILLAS, CALDERO, CONGELADOR, CARPA | AS85: VECINOS Y TRANSEUNTES | AT85: BUEN SERVICIO AL CLIENTE | AU85: NO | AW85: 1 | AX85: 1 | BA85: 1 | BC85: 1 | BE85: 1 | BG85: 1 | BI85: 1
A86: 83 | B86: CECIL ENRIQUE PRIMERA RODRIGUEZ | C86: 73552650 | E86: 1 | F86: VILLA ROXANA | G86: BARRIOS DEL MUNICIPIO | H86: TRES REYES | I86: VENTA DE FRUTAS Y VERDURAS | J86: 3136523299 | N86: 1 | O86: 1 | U86: 1 | W86: 1 | AD86: 1 | AG86: 1 | AI86: 1 | AK86: 1 | AM86: 1780000 | AN86: 150000 | AO86: 1630000 | AP86: MERCADO BAZURTO | AQ86: COMPRA Y VENDE | AR86: CARRETA Y PESO | AS86: COMUNIDAD EN GENERAL | AT86: N.A | AU86: NO | AW86: 1 | AX86: 1 | BA86: 1 | BC86: 1 | BE86: 1 | BH86: 1 | BJ86: 1
A87: 84 | B87: JUSTINO VARGAS RODRIGO | C87: 73539038 | E87: 1 | F87: EL SAGRADO | G87: BARRIOS DEL MUNICIPIO | I87: VENTA DE RASPAO | J87: 3135857534 | N87: 1 | O87: 1 | T87: 1 | W87: 1 | AD87: 1 | AG87: 1 | AI87: 1 | AK87: 1 | AM87: 3150000 | AN87: 400000 | AO87: 2750000 | AP87: MERCADO DE BAZURTO Y ABASTOS PISO ALTO | AQ87: PRODUCE LO QUE VENDE | AR87: CARRETA DE RASPAO | AS87: ESTUDIANTES DE LAS INSTITUCIONES EDUCATIVAS | AT87: BUEN SABOR | AU87: NO | AW87: 1 | AY87: 1 | BA87: 1 | BC87: 1 | BE87: 1 | BG87: 1 | BI87: 1
A88: 85 | B88: LISBETH MARIA ALVARES JIMENEZ | C88: 45361107 | D88: 1 | F88: LAS MALVINAS | G88: PLAZA PRINCIPAL | H88: TODO LO PUEDO ENCRISTO QUE ME FORTALECE | I88: VENTA DE FRITOS | J88: 3234596840 | N88: 1 | O88: 1 | T88: 1 | W88: 1 | AE88: 1 | AF88: 1 | AJ88: 1 | AK88: 1 | AM88: 12700000 | AN88: 1100000 | AO88: 5000000 | AP88: MERCADO DE BAZURTO, TIENDA MEDELLIN | AQ88: PRODUCE LO QUE VENDE | AR88: MOLINO ELECTRICO, VITRINA GRANDE, MESAS CON SILLAS, FREIDORA, CONGELADOR, CALDERO, PORCELANA | AS88: TRANSEUNTES, VISITANTESY VECINOS | AT88: BUENA ATENCION | AU88: NO | AW88: 1 | AX88: 1 | BA88: 1 | BC88: 1 | BE88: 1 | BG88: 1 | BI88: 1
A89: 86 | B89: OSVALDO MERCADO BENAVIDES | C89: 9046553 | E89: 1 | F89: CALLE 3 DE LA CEIBA | G89: PLAZA PRINCIPAL | H89: TINTOS EL ANDARIEGO COMPAESITO | I89: VENTA DE TINTOS Y AROMATIVAS | J89: 3207919073 | N89: 1 | O89: 1 | T89: 1 | W89: 1 | AE89: 1 | AG89: 1 | AJ89: 1 | AK89: 1 | AM89: 6840000 | AN89: 3000000 | AO89: 3840000 | AP89: ABASTOS LAS 3 J | AQ89: FABRICA PARA VENDER | AR89: CARRO TINTERO, 10 TERMOS OLLA GRANDE | AS89: COMUNIDAD EN GENERAL | AT89: BUENA ATENCION | AU89: NO | AW89: 1 | AX89: 1 | BA89: 1 | BC89: 1 | BE89: 1 | BG89: 1 | BI89: 1
A90: 87 | B90: JUAN ESTEBAN RIVERA BENAVIDEZ | C90: 1104414697 | E90: 1 | F90: BARRIO LA CEREZA | G90: VIA PRINCIPAL | H90: PIZZAS PORTATIL | I90: VENTA DE PIZZAS | J90: 3117014347 | M90: 1 | O90: 1 | T90: 1 | W90: 1 | AE90: 1 | AF90: 1 | AJ90: 1 | AK90: 1 | AM90: 8100000 | AN90: 4000000 | AO90: 4100000 | AP90: MERCADO DE BAZURTO Y SALSAMENTARIA DE SANTA ROSA. | AQ90: PRODUCE LO QUE VENDE | AR90: HORNO DE PIZZA DE DOS PUESTOS, DOS MESAS DE TRABAJO, DOS CABAS DE ICOPOR, MESA Y BANCOS PLASTICOS. | AS90: COMUNIDAD DE SANTA ROSA Y TRANSEUNTES | AT90: CALIDAD DEL PRODUCTO | AU90: NO | AW90: 1 | AY90: 1 | AZ90: 1 | BB90: 1 | BD90: NEQUI | BF90: 1 | BG90: 1 | BI90: 1
A91: 88 | B91: LEDYS DEL CARMEN ALVAREZ SARMIENTO | C91: 23145784 | D91: 1 | F91: VILLA ROXANA | G91: VILLA ROXANA | I91: RESTAURANTE | J91: 3106483138 | M91: 1 | O91: 1 | T91: 1 | W91: 1 | AD91: 1 | AF91: 1 | AH91: 1 | AK91: 1 | AM91: 3000000 | AN91: 1500000 | AO91: 1500000 | AP91: ABASTOS SANTA ROSA | AQ91: PRODUCE LO QUE VENDE | AR91: ESTUFA, UTENCILIOS DE COCINA | AS91: COMUNIDAD DE SANTA ROSA | AT91: BUENA ATENCION | AU91: NO | AW91: 1 | AY91: 1 | BA91: 1 | BC91: 1 | BF91: 1 | BH91: 1 | BI91: 1
A92: 89 | B92: DELCY VILLEGAS CENTENO | C92: 45456540 | D92: 1 | F92: CALLE MEDIA LUNA | G92: CALLE MEDIA LUNA | H92: MUJER EMPRENDEDORA | I92: AGRICULTURA | J92: 3107197836 | N92: 1 | O92: 1 | U92: 1 | W92: 1 | AD92: 1 | AF92: 1 | AH92: 1 | AK92: 1 | AM92: 2300000 | AN92: 800000 | AO92: 1500000 | AP92: AGROPECUARIA DE SANTA ROSA | AQ92: VENTA DE PRODUCTO | AR92: HERRAMIENTAS PARA TRABAJAR EN EL CAMPO | AS92: COMUNIDAD DE SANTA ROSA | AT92: CALIDAD DEL PRODUCTO | AU92: NO | AW92: 1 | AX92: 1 | BA92: 1 | BC92: 1 | BF92: 1 | BH92: 1 | BI92: 1
A93: 90 | B93: ANABEL ISABEL MARRUGO MORALES | C93: 45586629 | D93: 1 | F93: VILLA OLI | G93: VILLA OLI | H93: TIENDA LAS HERMANAS TATIS | I93: VENTA DE PRODUCTOS | J93: 3237865391 | N93: 1 | O93: 1 | U93: 1 | X93: 1 | AE93: 1 | AF93: 1 | AH93: 1 | AK93: 1 | AM93: 3000000 | AN93: 1800000 | AO93: 1200000 | AP93: MERCADO BAZURTO | AQ93: VENTA DE PRODUCTO | AR93: VITRINAS, ESTANTES | AS93: COMUNIDAD DE SANTA ROSA | AT93: BUENA ATENCION | AU93: NO | AW93: 1 | AY93: 1 | BA93: 1 | BC93: 1 | BF93: 1 | BH93: 1 | BI93: 1
A94: 91 | B94: YADIRA ORTIZ MERCADO | C94: 45487687 | D94: 1 | F94: TREBOL 3 | G94: TREBOL 3 | I94: VENTA DE MEDICAMENTOS | J94: 3136932777 | N94: 1 | O94: 1 | S94: 1 | X94: 1 | AE94: 1 | AK94: 1 | AM94: 4000000 | AN94: 2100000 | AO94: 1900000 | AP94: DRISTI FARMA | AQ94: VENTA DE MEDICAMENTO | AR94: VITRINAS, ESTANTES | AS94: COMUNIDAD DE SANTA ROSA | AT94: CALIDAD DEL PRODUCTO | AU94: NO | AW94: 1 | AX94: 1 | AZ94: 1 | BC94: 1 | BF94: 1 | BH94: 1 | BJ94: 1
A95: 92 | B95: CONCEPCION MARIA NARVAES ALTAMAR | C95: 1051417017 | D95: 1 | F95: LIMONAR | G95: LIMONAR | I95: VENTA DE VIVERES | J95: 3128097663 | N95: 1 | O95: 1 | S95: 1 | X95: 1 | AD95: 1 | AF95: 1 | AH95: 1 | AK95: 1 | AM95: 5000000 | AN95: 3200000 | AO95: 1800000 | AP95: MERCADO BAZURTO | AQ95: VENTA DE VIVERES | AR95: VITRINAS, ESTANTES | AS95: COMUNIDAD DE SANTA ROSA | AT95: BUENA ATENCION | AU95: NO | AW95: 1 | AX95: 1 | BA95: 1 | BC95: 1 | BF95: 1 | BH95: 1 | BJ95: 1
A96: 93 | B96: MILADIS ROSA BENAVIDES VEGA | C96: 23145772 | D96: 1 | F96: 30 DE AGOSTO | G96: 30 DE AGOSTO | I96: SERVICIO DE INTERNET | J96: 3126567196 | M96: 1 | S96: 1 | AA96: 1 | AD96: 1 | AF96: 1 | AH96: 1 | AK96: 1 | AM96: 500000 | AN96: 50000 | AO96: 450000 | AP96: VENEPLAST | AQ96: SERVICIO | AR96: COMPUTADOR Y CELULAR | AS96: ESTUDIANTES | AT96: BUENA ATENCION | AU96: SI | AW96: 1 | AX96: 1 | BA96: 1 | BC96: 1 | BE96: 1 | BH96: 1 | BJ96: 1
A97: 94 | B97: CARMEN MARIA ORTIZ CERA | C97: 45360221 | D97: 1 | F97: 30 DE AGOSTO | G97: 30 DE AGOSTO | I97: VARIEDADES | J97: 3146262705 | M97: 1 | O97: 1 | U97: 1 | X97: 1 | AD97: 1 | AF97: 1 | AH97: 1 | AK97: 1 | AM97: 1200000 | AN97: 400000 | AO97: 800000 | AP97: MERCADO BAZURTO | AQ97: VENTA DE PRODUCTO | AR97: VITRINAS, ESTANTES | AS97: ESTUDIANTES | AT97: BUENA ATENCION | AU97: SI | AW97: 1 | AX97: 1 | BA97: 1 | BC97: 1 | BF97: 1 | BH97: 1 | BJ97: 1
A98: 95 | B98: DIANA PATRICIA ROMERO DE AVILA | C98: 1048604534 | D98: 1 | F98: LOPEZ 1 CALLE | G98: LOPEZ 1 CALLE | H98: DOÑA DIANA | I98: VARIEDADES | J98: 3216111460 | L98: 1 | O98: 1 | U98: 1 | X98: 1 | AD98: 1 | AK98: 1 | AM98: 800000 | AN98: 150000 | AO98: 650000 | AP98: VENEPLAST | AQ98: VENTA DE PRODUCTO | AR98: VITRINAS, ESTANTES | AS98: COMUNIDAD DE SANTAROSA | BC98: 1
A99: 96 | B99: INELDA GOMEZ OROZCO | C99: 23145311 | D99: 1 | F99: CEIBA 3 | G99: CEIBA 3 | H99: VARIEDADES I.G | I99: VARIEDADES | J99: 3107240305 | M99: 1 | O99: 1 | U99: 1 | X99: 1 | AD99: 1 | AF99: 1 | AH99: 1 | AK99: 1 | AM99: 1000000 | AN99: 400000 | AO99: 600000 | AP99: MERCADO BAZURTO | AQ99: VENTA DE PRODUCTO | AR99: VITRINAS, ESTANTES | AS99: COMUNIDAD DE SANTA ROSA | AT99: BUENA ATENCION | AU99: SI | AW99: 1 | AX99: 1 | BA99: 1 | BC99: 1 | BF99: 1 | BH99: 1 | BJ99: 1
A100: 97 | B100: KATERINE GUZMAN HURTADO | C100: 1048601290 | D100: 1 | F100: BELLO VIT | G100: BELLO VIT | H100: NO TIENE | I100: VENTA DE FRITO | J100: 3170122063-3052137317 | K100: 1 | O100: 1 | T100: 1 | W100: 1 | AD100: 1 | AF100: 1 | AH100: 1 | AK100: 1 | AM100: 1300000 | AN100: 650000 | AO100: 650000 | AP100: ABASTOS SANTA ROSA | AQ100: ELABORA Y VENDE | AR100: VITRINA, ESTUFA, UTENCILIOS DE COCINA | AS100: COMUNIDAD DE SANTA ROSA | AT100: CALIDAD DEL PRODUCTO | AU100: NO | AW100: 1 | AX100: 1 | AZ100: 1 | BC100: 1 | BF100: 1 | BH100: 1 | BJ100: 1
...

Sheet Tabla Empresarial 
A1: CARACTERIZACIÓN O DIAGNOSTICO DE LA ACTIVIDAD EMPRESARIAL PARA EMPRENDEDORES
A3: CONCEPTO | B3: CRITERIO | C3: CANTIDAD | D3: PORCENTAJE
A4: GENERO | B4: FEMENINO | C4: =+'1. Diag Empresarial '!D114 -> 59 | D4: =+C4/C6 -> 0.56190476
B5: MASCULINO | C5: =+'1. Diag Empresarial '!E114 -> 46 | D5: =+C5/C6 -> 0.43809524
B6: SUB TOTAL | C6: =SUM(C4:C5) -> 105 | D6: =SUM(D4:D5) -> 1
A7: ¿Hace cuánto tiempo se dedica a esta actividad comercial? | B7: 0 a 6 meses | C7: =+'1. Diag Empresarial '!K114 -> 9 | D7: =+C7/C11 -> 0.08490566
B8: 1 a 2 años | C8: =+'1. Diag Empresarial '!L114 -> 12 | D8: =+C8/C11 -> 0.11320755
B9: 2 a 5 años | C9: =+'1. Diag Empresarial '!M114 -> 25 | D9: =+C9/C11 -> 0.23584906
B10: mas de 5 años | C10: =+'1. Diag Empresarial '!N114 -> 60 | D10: =+C10/C11 -> 0.56603774
B11: SUB TOTAL | C11: =SUM(C7:C10) -> 106 | D11: =SUM(D7:D10) -> 1
A12: ¿Este negocio es su única fuente de ingresos? | B12: =+'1. Diag Empresarial '!O3 -> SI | C12: =+'1. Diag Empresarial '!O114 -> 95 | D12: =+C12/C15 -> 0.9223301
B13: =+'1. Diag Empresarial '!P3 -> NO | C13: =+'1. Diag Empresarial '!P114 -> 8 | D13: =+C13/C15 -> 0.077669903
B14: =+'1. Diag Empresarial '!Q3 -> OTRO CUAL | C14: =+'1. Diag Empresarial '!Q114 -> 0 | D14: =+C14/C15 -> 0
B15: SUB TOTAL | C15: =SUM(C12:C14) -> 103 | D15: =SUM(D12:D14) -> 1
A16: SECTOR ECONOMICO | B16: =+'1. Diag Empresarial '!R3 -> Manucfacturas | C16: =+'1. Diag Empresarial '!R114 -> 1 | D16: =+C16/C21 -> 0.0095238095
B17: =+'1. Diag Empresarial '!S3 -> Servicio | C17: =+'1. Diag Empresarial '!S114 -> 11 | D17: =+C17/C21 -> 0.1047619
B18: =+'1. Diag Empresarial '!T3 -> Productos Elaborados | C18: =+'1. Diag Empresarial '!T114 -> 58 | D18: =+C18/C21 -> 0.55238095
B19: =+'1. Diag Empresarial '!U3 -> Economia Popular | C19: =+'1. Diag Empresarial '!U114 -> 30 | D19: =+C19/C21 -> 0.28571429
B20: =+'1. Diag Empresarial '!V3 -> Economia Naraja | C20: =+'1. Diag Empresarial '!V114 -> 5 | D20: =+C20/C21 -> 0.047619048
B21: SUB TOTAL | C21: =SUM(C16:C20) -> 105 | D21: =SUM(D16:D20) -> 1
A22: Actividad Economica | B22: =+'1. Diag Empresarial '!W3 -> Industria Alimentaria | C22: =+'1. Diag Empresarial '!W114 -> 67 | D22: =+C22/C29 -> 0.64423077
B23: =+'1. Diag Empresarial '!X3 -> Comercio | C23: =+'1. Diag Empresarial '!X114 -> 26 | D23: =+C23/C29 -> 0.25
B24: =+'1. Diag Empresarial '!Y3 -> Educacion | C24: =+'1. Diag Empresarial '!Y114 -> 4 | D24: =+C24/C29 -> 0.038461538
B25: =+'1. Diag Empresarial '!Z3 -> Comunicación | C25: =+'1. Diag Empresarial '!Z114 -> 0 | D25: =+C25/C29 -> 0
B26: =+'1. Diag Empresarial '!AA3 -> Tecnologia e Innovacion | C26: =+'1. Diag Empresarial '!AA114 -> 6 | D26: =+C26/C29 -> 0.057692308
B27: =+'1. Diag Empresarial '!AB3 -> Cultura y Arte | C27: =+'1. Diag Empresarial '!AB114 -> 1 | D27: =+C27/C29 -> 0.0096153846
B28: =+'1. Diag Empresarial '!AC3 -> Deporte | C28: =+'1. Diag Empresarial '!AC114 -> 1 | D28: =+C28/C29 -> 0.0096153846
B29: SUB TOTAL | C29: =SUM(C22:C27) -> 104 | D29: =SUM(D22:D27) -> 1
A30: NUMERO DE EMPLEOS GENERADOS | B30: AUTOEMPLEO | C30: =+'1. Diag Empresarial '!AD114 -> 38 | D30: =+C30/C32 -> 0.36190476
B31: 2 O MAS | C31: =+'1. Diag Empresarial '!AE114 -> 67 | D31: =+C31/C32 -> 0.63809524
B32: SUB TOTAL | C32: =SUM(C30:C31) -> 105 | D32: =SUM(D30:D31) -> 1
A33: Dónde está ubicado su punto de venta | B33: =+'1. Diag Empresarial '!AF3 -> FIJO | C33: =+'1. Diag Empresarial '!AF114 -> 78 | D33: =+C33/C35 -> 0.75728155
B34: =+'1. Diag Empresarial '!AG3 -> MOVIL | C34: =+'1. Diag Empresarial '!AG114 -> 25 | D34: =+C34/C35 -> 0.24271845
B35: SUB TOTAL | C35: =SUM(C33:C34) -> 103 | D35: =SUM(D33:D34) -> 1
B36: =+'1. Diag Empresarial '!AH3 -> EN CASA | C36: =+'1. Diag Empresarial '!AH114 -> 48 | D36: =+C36/C39 -> 0.46601942
B37: =+'1. Diag Empresarial '!AI3 -> EN LA CALLE | C37: =+'1. Diag Empresarial '!AI114 -> 27 | D37: =+C37/C39 -> 0.26213592
B38: =+'1. Diag Empresarial '!AJ3 -> ESPACIO PUBLICO | C38: =+'1. Diag Empresarial '!AJ114 -> 28 | D38: =+C38/C39 -> 0.27184466
B39: SUB TOTAL | C39: =SUM(C36:C38) -> 103 | D39: =SUM(D36:D38) -> 1
A40: ¿Conoce con claridad cuánto gana y cuánto gasta en su negocio? | B40: SI | C40: =+'1. Diag Empresarial '!AK114 -> 86 | D40: =+C40/C42 -> 0.81904762
B41: NO | C41: =+'1. Diag Empresarial '!AL114 -> 19 | D41: =+C41/C42 -> 0.18095238
B42: SUB TOTAL | C42: =SUM(C40:C41) -> 105 | D42: =SUM(D40:D41) -> 1
A43: SU NEGOCIO ESTA FORMALIZADO ANTE LA CAMARA DE COMERCIO | B43: SI | C43: =+'1. Diag Empresarial '!AV114 -> 7 | D43: =+C43/C45 -> 0.067307692
B44: NO | C44: =+'1. Diag Empresarial '!AW114 -> 97 | D44: =+C44/C45 -> 0.93269231
B45: SUB TOTAL | C45: =SUM(C43:C44) -> 104 | D45: =SUM(D43:D44) -> 1
A46: ¿Está interesado/a en formalizar su negocio? | B46: SI | C46: =+'1. Diag Empresarial '!AX114 -> 75 | D46: =+C46/C48 -> 0.75757576
B47: NO | C47: =+'1. Diag Empresarial '!AY114 -> 24 | D47: =+C47/C48 -> 0.24242424
B48: SUB TOTAL | C48: =SUM(C46:C47) -> 99 | D48: =SUM(D46:D47) -> 1
A49: Microcrédito | B49: SI | C49: =+'1. Diag Empresarial '!AZ114 -> 13 | D49: =+C49/C51 -> 0.125
B50: NO | C50: =+'1. Diag Empresarial '!BA114 -> 91 | D50: =+C50/C51 -> 0.875
B51: SUB TOTAL | C51: =SUM(C49:C50) -> 104 | D51: =SUM(D49:D50) -> 1
A52: ¿Alguna vez solicitó un crédito? | B52: SI | C52: =+'1. Diag Empresarial '!BB114 -> 12 | D52: =+C52/C54 -> 0.11428571
B53: NO | C53: =+'1. Diag Empresarial '!BC114 -> 93 | D53: =+C53/C54 -> 0.88571429
B54: SUB TOTAL | C54: =SUM(C52:C53) -> 105 | D54: =SUM(D52:D53) -> 1
A55: ¿Tiene algún ahorro o fondo para emergencias? | B55: SI | C55: =+'1. Diag Empresarial '!BE114 -> 49 | D55: =+C55/C57 -> 0.47115385
B56: NO | C56: =+'1. Diag Empresarial '!BF114 -> 55 | D56: =+C56/C57 -> 0.52884615
B57: SUB TOTAL | C57: =SUM(C55:C56) -> 104 | D57: =SUM(D55:D56) -> 1
A58: ¿Está usted interesado (a) en solicitar un microcrédito a través de la red de aliados financieros que tiene SIEMPRENDE? | B58: SI | C58: =+'1. Diag Empresarial '!BG114 -> 62 | D58: =+C58/C60 -> 0.59615385
B59: NO | C59: =+'1. Diag Empresarial '!BH114 -> 42 | D59: =+C59/C60 -> 0.40384615
B60: SUB TOTAL | C60: =SUM(C58:C59) -> 104 | D60: =SUM(D58:D59) -> 1
A61: Autorizo a SIEMPRENDE para que a través de su aliado financiero consulte mi estado crediticio ante las centrales de riesgo | B61: SI | C61: =+'1. Diag Empresarial '!BI114 -> 75 | D61: =+C61/C63 -> 0.72115385
B62: NO | C62: =+'1. Diag Empresarial '!BJ114 -> 29
B63: SUB TOTAL | C63: =SUM(C61:C62) -> 104 | D63: =SUM(D61:D62) -> 0.72115385

Sheet 9. DIAGNOSTICO PSICOSOCIAL 
A1: N | B1: NOMBRE DEL MICROEMPRESARIO | C1: N° DOCUMENTO | D1: GENERO | F1: ¿Tú unidad productiva es viable a largo plazo teniendo potencial de crecimiento? | J1: ¿Sabes gestionar el equilibrio entre tu vida personal y profesional? | N1: ¿Te sientes motivado(a) por tu emprendimiento? | R1: ¿Has tenido fracasos como Emprendor – Micro – empresario con tu emprendimiento? | V1: ¿Llevas buenas relaciones con tus empleados y/o clientes? | Z1: ¿Sientes que tu trabajo te ha permitido crecer y desarrollarte como persona? | AD1: ¿Sientes que fue mala decisión emprender? | AH1: ¿Crees que tienes autoconfianza suficiente para tomar decisiones? | AL1: ¿Su emprendimiento o micro – empresa te limita hacer actividades en familia? | AP1: ¿Sabe usted como administrar los recursos económicos en su unidad productiva? | AT1: ¿Crees que como Emprendedor – Micro – empresario te hace falta reforzar habilidades empresariales de liderazgo? | AX1: ¿Te gusta el trabajo en equipo? | BB1: ¿Actualmente invade su tranquilidad algún problema, necesidad o enfermedad? | BF1: ¿Tienes buen manejo y control de las emociones? | BJ1: ¿Eres feliz?
D2: F | E2: M | F2: SI | G2: NO | H2: AVECES | I2: ALGUNAS VECES | J2: SI | K2: NO | L2: AVECES | M2: ALGUNAS VECES | N2: SI | O2: NO | P2: AVECES | Q2: ALGUNAS VECES | R2: SI | S2: NO | T2: AVECES | U2: ALGUNAS VECES | V2: SI | W2: NO | X2: AVECES | Y2: ALGUNAS VECES | Z2: SI | AA2: NO | AB2: AVECES | AC2: ALGUNAS VECES | AD2: SI | AE2: NO | AF2: AVECES | AG2: ALGUNAS VECES | AH2: SI | AI2: NO | AJ2: AVECES | AK2: ALGUNAS VECES | AL2: SI | AM2: NO | AN2: AVECES | AO2: ALGUNAS VECES | AP2: SI | AQ2: NO | AR2: AVECES | AS2: ALGUNAS VECES | AT2: SI | AU2: NO | AV2: AVECES | AW2: ALGUNAS VECES | AX2: SI | AY2: NO | AZ2: AVECES | BA2: ALGUNAS VECES | BB2: SI | BC2: NO | BD2: AVECES | BE2: ALGUNAS VECES | BF2: SI | BG2: NO | BH2: AVECES | BI2: ALGUNAS VECES | BJ2: SI | BK2: NO | BL2: AVECES | BM2: ALGUNAS VECES
A3: =+'1. Diag Empresarial '!A4 -> 1 | B3: =+'1. Diag Empresarial '!B4 -> YASIRA CASTILLO MARIMON | C3: =+'1. Diag Empresarial '!C4 -> 45360067 | D3: =+'1. Diag Empresarial '!D4 -> 1 | E3: 1 | F3: 1 | J3: 1 | N3: 1 | S3: 1 | V3: 1 | Z3: 1 | AE3: 1 | AH3: 1 | AO3: 1 | AP3: 1 | AT3: 1 | AX3: 1 | BC3: 1 | BF3: 1 | BJ3: 1
A4: =+'1. Diag Empresarial '!A5 -> 2 | B4: =+'1. Diag Empresarial '!B5 -> ANA MARCELA REBOLLEDO ARROYO | C4: =+'1. Diag Empresarial '!C5 -> 1048605617 | D4: 1 | E4: =+'1. Diag Empresarial '!E5 -> 0 | F4: 1 | K4: 1 | N4: 1 | R4: 1 | V4: 1 | Z4: 1 | AE4: 1 | AI4: 1 | AM4: 1 | AS4: 1 | AU4: 1 | AX4: 1 | BB4: 1 | BF4: 1 | BJ4: 1
A5: =+'1. Diag Empresarial '!A6 -> 3 | B5: =+'1. Diag Empresarial '!B6 -> YAMIL ENRIQUE PINTO VALIENTE | C5: =+'1. Diag Empresarial '!C6 -> 9185707 | E5: 1 | F5: 1 | K5: 1 | N5: 1 | S5: 1 | V5: 1 | Z5: 1 | AE5: 1 | AH5: 1 | AM5: 1 | AP5: 1 | AT5: 1 | AX5: 1 | BC5: 1 | BF5: 1 | BJ5: 1
A6: =+'1. Diag Empresarial '!A7 -> 4 | B6: =+'1. Diag Empresarial '!B7 -> ERIKA ORTIZ DE HORTA | C6: =+'1. Diag Empresarial '!C7 -> 45360290 | D6: 1 | F6: 1 | J6: 1 | N6: 1 | S6: 1 | V6: 1 | Z6: 1 | AE6: 1 | AH6: 1 | AL6: 1 | AP6: 1 | AT6: 1 | AX6: 1 | BC6: 1 | BF6: 1 | BJ6: 1
A7: =+'1. Diag Empresarial '!A8 -> 5 | B7: =+'1. Diag Empresarial '!B8 -> LUIS FERNANDO PEREZ LLERENA | C7: =+'1. Diag Empresarial '!C8 -> 1044924031 | D7: =+'1. Diag Empresarial '!D8 -> 0 | E7: 1 | F7: 1 | L7: 1 | N7: 1 | S7: 1 | V7: 1 | Z7: 1 | AE7: 1 | AH7: 1 | AM7: 1 | AP7: 1 | AT7: 1 | AX7: 1 | BC7: 1 | BF7: 1 | BJ7: 1
A8: =+'1. Diag Empresarial '!A9 -> 6 | B8: =+'1. Diag Empresarial '!B9 -> MARCIAL MERCADO RIOS | C8: =+'1. Diag Empresarial '!C9 -> 73533844 | D8: =+'1. Diag Empresarial '!D9 -> 0 | E8: 1 | F8: 1 | L8: 1 | N8: 1 | R8: 1 | V8: 1 | Z8: 1 | AE8: 1 | AH8: 1 | AM8: 1 | AQ8: 1 | AT8: 1 | AX8: 1 | BC8: 1 | BF8: 1 | BJ8: 1
A9: 7 | B9: EIDER ENRIQUE PREZ GUTIERREZ | C9: 128052563 | E9: 1 | F9: 1 | L9: 1 | N9: 1 | S9: 1 | V9: 1 | Z9: 1 | AE9: 1 | AH9: 1 | AM9: 1 | AP9: 1 | AT9: 1 | AX9: 1 | BC9: 1 | BF9: 1 | BJ9: 1
A10: 8 | B10: AIDA ROSA SEGUAREZ SALCEDO | C10: 45586475 | D10: 1 | F10: 1 | L10: 1 | N10: 1 | S10: 1 | V10: 1 | Z10: 1 | AE10: 1 | AJ10: 1 | AM10: 1 | AR10: 1 | AT10: 1 | AX10: 1 | BC10: 1 | BF10: 1 | BJ10: 1
A11: 9 | B11: BERNARDO VIVANCO VIVANCO | C11: 73539432 | E11: 1 | F11: 1 | L11: 1 | N11: 1 | S11: 1 | V11: 1 | Z11: 1 | AE11: 1 | AJ11: 1 | AN11: 1 | AP11: 1 | AT11: 1 | AX11: 1 | BC11: 1 | BF11: 1 | BJ11: 1
A12: 10 | B12: SABINA LUNA MARTINEZ | C12: 23144823 | D12: 1 | F12: 1 | J12: 1 | N12: 1 | S12: 1 | V12: 1 | Z12: 1 | AE12: 1 | AH12: 1 | AM12: 1 | AR12: 1 | AT12: 1 | AZ12: 1 | BC12: 1 | BH12: 1 | BJ12: 1
A13: 11 | B13: VERONICA DE LAS AGUAS VIVANCO | C13: 45361260 | D13: 1 | F13: 1 | L13: 1 | N13: 1 | S13: 1 | V13: 1 | Z13: 1 | AE13: 1 | AH13: 1 | AL13: 1 | AP13: 1 | AT13: 1 | AX13: 1 | BD13: 1 | BF13: 1 | BJ13: 1
A14: 12 | B14: WILFRIDO GOMEZ GUERRERO | C14: 73099894 | E14: 1 | F14: 1 | L14: 1 | N14: 1 | R14: 1 | V14: 1 | Z14: 1 | AE14: 1 | AH14: 1 | AN14: 1 | AP14: 1 | AU14: 1 | AZ14: 1 | BC14: 1 | BF14: 1 | BJ14: 1
A15: 13 | B15: YOBERLIS COROMOTO ESPINOSA AGUEY | C15: 5952006 | D15: 1 | F15: 1 | J15: 1 | N15: 1 | S15: 1 | V15: 1 | Z15: 1 | AE15: 1 | AH15: 1 | AM15: 1 | AP15: 1 | AT15: 1 | AX15: 1 | BB15: 1 | BF15: 1 | BJ15: 1
A16: 14 | B16: YOLIMA SILVA SOLANO | C16: 45361016 | D16: 1 | F16: 1 | J16: 1 | N16: 1 | R16: 1 | V16: 1 | AB16: 1 | AE16: 1 | AH16: 1 | AM16: 1 | AR16: 1 | AT16: 1 | AX16: 1 | BB16: 1 | BF16: 1 | BJ16: 1
A17: 15 | B17: MINELVA MARIA ARRIETA POMBO | C17: 45360896 | D17: 1 | F17: 1 | J17: 1 | N17: 1 | S17: 1 | V17: 1 | Z17: 1 | AE17: 1 | AH17: 1 | AM17: 1 | AP17: 1 | AT17: 1 | AX17: 1 | BC17: 1 | BF17: 1 | BJ17: 1
A18: 16 | B18: MARIA PAULINA GAMARRA MERCADO | C18: 45586757 | D18: 1 | F18: 1 | L18: 1 | N18: 1 | R18: 1 | V18: 1 | AB18: 1 | AE18: 1 | AJ18: 1 | AL18: 1 | AP18: 1 | AV18: 1 | AX18: 1 | BB18: 1 | BF18: 1 | BJ18: 1
A19: 17 | B19: ALVARO BLANCO SIERRA | C19: 9186279 | E19: 1 | F19: 1 | K19: 1 | N19: 1 | S19: 1 | V19: 1 | Z19: 1 | AE19: 1 | AH19: 1 | AM19: 1 | AP19: 1 | AT19: 1 | AX19: 1 | BC19: 1 | BF19: 1 | BJ19: 1
A20: 18 | B20: NORENA MARGARITA VILLA MUÑOZ | C20: 22570009 | D20: 1 | F20: 1 | J20: 1 | N20: 1 | S20: 1 | V20: 1 | Z20: 1 | AD20: 1 | AH20: 1 | AM20: 1 | AP20: 1 | AT20: 1 | AX20: 1 | BB20: 1 | BF20: 1 | BJ20: 1
A21: 19 | B21: NAYELIS MERCADO ORTIZ | C21: 1002257710 | D21: 1 | F21: 1 | J21: 1 | N21: 1 | S21: 1 | V21: 1 | Z21: 1 | AE21: 1 | AH21: 1 | AM21: 1 | AP21: 1 | AT21: 1 | AX21: 1 | BB21: 1 | BF21: 1 | BJ21: 1
A22: 20 | B22: YOLIDIS MERCADO PINTO | C22: 45586326 | D22: 1 | F22: 1 | K22: 1 | N22: 1 | S22: 1 | V22: 1 | AB22: 1 | AE22: 1 | AH22: 1 | AM22: 1 | AP22: 1 | AT22: 1 | AY22: 1 | BB22: 1 | BF22: 1 | BJ22: 1
A23: 21 | B23: KAREN MARGARITA BELLO DE LAS AGUAS | C23: 45361072 | D23: 1 | F23: 1 | K23: 1 | N23: 1 | S23: 1 | V23: 1 | Z23: 1 | AE23: 1 | AH23: 1 | AM23: 1 | AP23: 1 | AT23: 1 | AX23: 1 | BC23: 1 | BF23: 1 | BJ23: 1
A24: 22 | B24: EVARISTO BOLAÑO DE AVILA | C24: 73539334 | E24: 1 | F24: 1 | J24: 1 | N24: 1 | T24: 1 | V24: 1 | Z24: 1 | AF24: 1 | AH24: 1 | AN24: 1 | AP24: 1 | AT24: 1 | AX24: 1 | BB24: 1 | BF24: 1 | BJ24: 1
A25: 23 | B25: ANGEL VIVANCO VIVANCO | C25: 73539324 | E25: 1 | F25: 1 | J25: 1 | N25: 1 | R25: 1 | V25: 1 | AB25: 1 | AE25: 1 | AH25: 1 | AL25: 1 | AP25: 1 | AT25: 1 | AX25: 1 | BB25: 1 | BF25: 1 | BJ25: 1
A26: 24 | B26: ANTONIO ARIEL AREVALO MARRUGO | C26: 73539168 | E26: 1 | F26: 1 | L26: 1 | N26: 1 | R26: 1 | V26: 1 | Z26: 1 | AD26: 1 | AH26: 1 | AO26: 1 | AP26: 1 | AT26: 1 | AX26: 1 | BC26: 1 | BF26: 1 | BJ26: 1
A27: 25 | B27: MERIS DE ARCO GRANDETT | C27: 22789993 | D27: 1 | F27: 1 | J27: 1 | N27: 1 | R27: 1 | V27: 1 | Z27: 1 | AE27: 1 | AH27: 1 | AM27: 1 | AP27: 1 | AT27: 1 | AX27: 1 | BB27: 1 | BF27: 1 | BJ27: 1
A28: 26 | B28: FREDYS ALVAREZ FUENTES | C28: 3980057 | E28: 1 | F28: 1 | J28: 1 | N28: 1 | S28: 1 | V28: 1 | Z28: 1 | AE28: 1 | AH28: 1 | AL28: 1 | AP28: 1 | AT28: 1 | AX28: 1 | BC28: 1 | BF28: 1 | BJ28: 1
A29: 27 | B29: JOSE ALFONSO TUÑON JULIO | C29: 9239393 | E29: 1 | F29: 1 | J29: 1 | N29: 1 | R29: 1 | V29: 1 | Z29: 1 | AE29: 1 | AH29: 1 | AL29: 1 | AP29: 1 | AU29: 1 | AX29: 1 | BC29: 1 | BF29: 1 | BJ29: 1
A30: 28 | B30: ALBA ROSA GUERRERO CARRILLO | C30: 23144903 | D30: 1 | F30: 1 | J30: 1 | N30: 1 | R30: 1 | V30: 1 | Z30: 1 | AE30: 1 | AH30: 1 | AM30: 1 | AP30: 1 | AT30: 1 | AX30: 1 | BC30: 1 | BF30: 1 | BJ30: 1
A31: 29 | B31: SUSANA CAROLINA CARDENAS JIMENEZ | C31: 1048607246 | D31: 1 | F31: 1 | K31: 1 | N31: 1 | S31: 1 | V31: 1 | Z31: 1 | AE31: 1 | AH31: 1 | AM31: 1 | AP31: 1 | AT31: 1 | AX31: 1 | BC31: 1 | BF31: 1 | BJ31: 1
A32: 30 | B32: RICARDO GONZALES ORTIZ | C32: 73534503 | D32: 1 | F32: 1 | J32: 1 | N32: 1 | S32: 1 | V32: 1 | Z32: 1 | AE32: 1 | AH32: 1 | AM32: 1 | AP32: 1 | AT32: 1 | AX32: 1 | BC32: 1 | BF32: 1 | BJ32: 1
A33: 31 | B33: MILEIDYS QUINTANA REBOLLEDO | C33: 1048608672 | D33: 1 | F33: 1 | J33: 1 | N33: 1 | R33: 1 | V33: 1 | Z33: 1 | AE33: 1 | AH33: 1 | AM33: 1 | AP33: 1 | AT33: 1 | AX33: 1 | BB33: 1 | BF33: 1 | BJ33: 1
A34: 32 | B34: LINETH INES DE ARLEN VASQUEZ MENDOZA | C34: 23144834 | D34: 1 | F34: 1 | J34: 1 | N34: 1 | S34: 1 | V34: 1 | Z34: 1 | AD34: 1 | AH34: 1 | AM34: 1 | AP34: 1 | AT34: 1 | AX34: 1 | BC34: 1 | BF34: 1 | BJ34: 1
A35: 33 | B35: ANGELICA MEDRANO CABARCAS | C35: 64581940 | D35: 1 | F35: 1 | J35: 1 | N35: 1 | S35: 1 | V35: 1 | AA35: 1 | AE35: 1 | AH35: 1 | AM35: 1 | AP35: 1 | AT35: 1 | AX35: 1 | BC35: 1 | BF35: 1 | BJ35: 1
A36: 34 | B36: BEATRIZ JUNCO URUCHURCO | C36: 45455963 | D36: 1 | F36: 1 | J36: 1 | N36: 1 | R36: 1 | V36: 1 | Z36: 1 | AE36: 1 | AH36: 1 | AM36: 1 | AP36: 1 | AT36: 1 | AX36: 1 | BC36: 1 | BF36: 1 | BJ36: 1
A37: 35 | B37: KENDRIS PAOLA BOLAÑO DE AVILA | C37: 1048600825 | D37: 1 | F37: 1 | J37: 1 | N37: 1 | S37: 1 | V37: 1 | Z37: 1 | AE37: 1 | AH37: 1 | AM37: 1 | AP37: 1 | AT37: 1 | AX37: 1 | BC37: 1 | BF37: 1 | BJ37: 1
A38: 36 | B38: LEONCIO ASMET CUSTODE GUARDO | C38: 73540060 | E38: 1 | F38: 1 | J38: 1 | N38: 1 | R38: 1 | V38: 1 | Z38: 1 | AE38: 1 | AH38: 1 | AM38: 1 | AP38: 1 | AT38: 1 | AX38: 1 | BC38: 1 | BF38: 1 | BJ38: 1
A39: 37 | B39: OSCAR LUIS MARRUGO BONFANTE | C39: 73539087 | E39: 1 | F39: 1 | J39: 1 | N39: 1 | S39: 1 | V39: 1 | Z39: 1 | AE39: 1 | AH39: 1 | AM39: 1 | AP39: 1 | AT39: 1 | AX39: 1 | BC39: 1 | BF39: 1 | BJ39: 1
A40: 38 | B40: LEWIS TORRES GARCIA | C40: 1048605633 | E40: 1 | F40: 1 | J40: 1 | N40: 1 | R40: 1 | V40: 1 | Z40: 1 | AE40: 1 | AH40: 1 | AM40: 1 | AP40: 1 | AT40: 1 | AX40: 1 | BC40: 1 | BF40: 1 | BJ40: 1
A41: 39 | B41: JOSE DAVID DE ARCO DE AVILA | C41: 1048608438 | E41: 1 | F41: 1 | J41: 1 | N41: 1 | R41: 1 | V41: 1 | Z41: 1 | AE41: 1 | AH41: 1 | AM41: 1 | AP41: 1 | AT41: 1 | AX41: 1 | BC41: 1 | BF41: 1 | BJ41: 1
A42: 40 | B42: LUZ DEIRYS ALVAREZ PARDO | C42: 1048609120 | D42: 1 | F42: 1 | J42: 1 | N42: 1 | S42: 1 | V42: 1 | Z42: 1 | AE42: 1 | AH42: 1 | AM42: 1 | AP42: 1 | AT42: 1 | AX42: 1 | BC42: 1 | BF42: 1 | BJ42: 1
A43: 41 | B43: SAMUEL ENRIQUE VIVANCO MEZA | C43: 9239015 | E43: 1 | F43: 1 | J43: 1 | N43: 1 | S43: 1 | V43: 1 | Z43: 1 | AE43: 1 | AH43: 1 | AM43: 1 | AP43: 1 | AT43: 1 | AX43: 1 | BD43: 1 | BF43: 1 | BJ43: 1
A44: 42 | B44: ELIANIS ESTHER CABALLERO GOMEZ | C44: 45753869 | D44: 1 | F44: 1 | J44: 1 | N44: 1 | R44: 1 | V44: 1 | Z44: 1 | AE44: 1 | AH44: 1 | AM44: 1 | AP44: 1 | AU44: 1 | AX44: 1 | BC44: 1 | BF44: 1 | BJ44: 1
A45: 43 | B45: RAFAEL ALBERTO HERAZO BUELVAS | C45: 1048609774 | E45: 1 | F45: 1 | K45: 1 | N45: 1 | S45: 1 | V45: 1 | Z45: 1 | AE45: 1 | AH45: 1 | AM45: 1 | AP45: 1 | AT45: 1 | AX45: 1 | BC45: 1 | BF45: 1 | BJ45: 1
A46: 44 | B46: MIDNA CABARCAS GAMARRA | C46: 1048603645 | D46: 1 | F46: 1 | J46: 1 | N46: 1 | S46: 1 | V46: 1 | Z46: 1 | AE46: 1 | AH46: 1 | AM46: 1 | AP46: 1 | AT46: 1 | AX46: 1 | BC46: 1 | BF46: 1 | BJ46: 1
A47: 45 | B47: MONICA CANTILLO DE LAS AGUAS | C47: 23145902 | D47: 1 | F47: 1 | J47: 1 | N47: 1 | S47: 1 | V47: 1 | Z47: 1 | AE47: 1 | AH47: 1 | AM47: 1 | AP47: 1 | AT47: 1 | AX47: 1 | BC47: 1 | BF47: 1 | BJ47: 1
A48: 46 | B48: LUIS ALBERTO SILVA MACHACON | C48: 9186103 | E48: 1 | F48: 1 | J48: 1 | N48: 1 | S48: 1 | V48: 1 | Z48: 1 | AE48: 1 | AH48: 1 | AM48: 1 | AP48: 1 | AU48: 1 | AX48: 1 | BC48: 1 | BF48: 1 | BJ48: 1
A49: 47 | B49: YANETH DISCUBICH ALCAZAR | C49: 23144703 | D49: 1 | F49: 1 | J49: 1 | N49: 1 | S49: 1 | V49: 1 | Z49: 1 | AE49: 1 | AH49: 1 | AM49: 1 | AP49: 1 | AU49: 1 | AX49: 1 | BC49: 1 | BF49: 1 | BJ49: 1
A50: 48 | B50: ANYER MESA CANTILLO | C50: 1048279074 | E50: 1 | F50: 1 | J50: 1 | N50: 1 | S50: 1 | V50: 1 | Z50: 1 | AE50: 1 | AH50: 1 | AM50: 1 | AP50: 1 | AT50: 1 | AX50: 1 | BC50: 1 | BF50: 1 | BJ50: 1
A51: 49 | B51: MARELVIS OROZCO PEREZ | C51: 23144864 | D51: 1 | F51: 1 | J51: 1 | N51: 1 | S51: 1 | V51: 1 | Z51: 1 | AE51: 1 | AH51: 1 | AM51: 1 | AP51: 1 | AT51: 1 | AX51: 1 | BC51: 1 | BF51: 1 | BJ51: 1
A52: 50 | B52: OSWALDO ORTIZ REBOLLEDO | C52: 73540056 | E52: 1 | F52: 1 | J52: 1 | N52: 1 | R52: 1 | V52: 1 | Z52: 1 | AE52: 1 | AH52: 1 | AM52: 1 | AP52: 1 | AT52: 1 | AX52: 1 | BC52: 1 | BF52: 1 | BJ52: 1
A53: 51 | B53: LISETH ARNEDO BARBOZA | C53: 1123991000 | D53: 1 | F53: 1 | J53: 1 | N53: 1 | R53: 1 | V53: 1 | Z53: 1 | AE53: 1 | AH53: 1 | AM53: 1 | AP53: 1 | AT53: 1 | AX53: 1 | BC53: 1 | BF53: 1 | BJ53: 1
A54: 52 | B54: FILADELFO MORALES PADILLA | C54: 3979872 | E54: 1 | F54: 1 | J54: 1 | N54: 1 | R54: 1 | V54: 1 | Z54: 1 | AE54: 1 | AH54: 1 | AM54: 1 | AP54: 1 | AT54: 1 | AX54: 1 | BC54: 1 | BF54: 1 | BJ54: 1
A55: 53 | B55: ESTELIA GOMEZ RAMOS | C55: 45586513 | D55: 1 | F55: 1 | J55: 1 | N55: 1 | R55: 1 | V55: 1 | Z55: 1 | AE55: 1 | AH55: 1 | AM55: 1 | AP55: 1 | AT55: 1 | AX55: 1 | BC55: 1 | BF55: 1 | BJ55: 1
A56: 54 | B56: EDGAR ORTIZ BELLIDO | C56: 73539917 | E56: 1 | F56: 1 | K56: 1 | N56: 1 | R56: 1 | V56: 1 | Z56: 1 | AE56: 1 | AH56: 1 | AM56: 1 | AP56: 1 | AU56: 1 | AX56: 1 | BC56: 1 | BF56: 1 | BJ56: 1
A57: 55 | B57: LUIS MIGUEL MARRUGO CARDENAS | C57: 1048606710 | E57: 1 | F57: 1 | J57: 1 | N57: 1 | S57: 1 | V57: 1 | Z57: 1 | AE57: 1 | AH57: 1 | AN57: 1 | AP57: 1 | AT57: 1 | AX57: 1 | BC57: 1 | BH57: 1 | BJ57: 1
A58: 56 | B58: LUIS ALFONSO MERCADO PINTO | C58: 9239595 | E58: 1 | F58: 1 | K58: 1 | N58: 1 | S58: 1 | V58: 1 | Z58: 1 | AE58: 1 | AH58: 1 | AM58: 1 | AQ58: 1 | AT58: 1 | AX58: 1 | BC58: 1 | BF58: 1 | BJ58: 1
A59: 57 | B59: MARIBEL RICARDO JIMENEZ | C59: 23145501 | D59: 1 | F59: 1 | J59: 1 | N59: 1 | S59: 1 | V59: 1 | Z59: 1 | AE59: 1 | AH59: 1 | AM59: 1 | AP59: 1 | AT59: 1 | AX59: 1 | BC59: 1 | BF59: 1 | BJ59: 1
A60: 58 | B60: MIGUEL ANGEL MERCADO PINTO | C60: 1048604731 | E60: 1 | F60: 1 | J60: 1 | N60: 1 | R60: 1 | V60: 1 | Z60: 1 | AE60: 1 | AH60: 1 | AM60: 1 | AP60: 1 | AT60: 1 | AX60: 1 | BC60: 1 | BF60: 1 | BJ60: 1
A61: 59 | B61: YURANIS VIVANCO PAJARO | C61: 45361327 | D61: 1 | F61: 1 | J61: 1 | N61: 1 | R61: 1 | V61: 1 | Z61: 1 | AE61: 1 | AH61: 1 | AM61: 1 | AP61: 1 | AT61: 1 | AX61: 1 | BC61: 1 | BF61: 1 | BJ61: 1
A62: 60 | B62: EMILSA CANTILLO DE LAS AGUAS | C62: 23144999 | D62: 1 | F62: 1 | J62: 1 | N62: 1 | S62: 1 | V62: 1 | Z62: 1 | AE62: 1 | AH62: 1 | AL62: 1 | AQ62: 1 | AT62: 1 | AX62: 1 | BC62: 1 | BF62: 1 | BJ62: 1
A63: 61 | B63: RUBI CANTILLO DE LAS AGUAS | C63: 23145903 | D63: 1 | F63: 1 | J63: 1 | N63: 1 | R63: 1 | V63: 1 | Z63: 1 | AD63: 1 | AH63: 1 | AL63: 1 | AQ63: 1 | AT63: 1 | AX63: 1 | BC63: 1 | BF63: 1 | BJ63: 1
A64: 62 | B64: ALCIRA MARIA RAMOS CABARCAS | C64: 45360945 | D64: 1 | F64: 1 | J64: 1 | N64: 1 | R64: 1 | V64: 1 | Z64: 1 | AE64: 1 | AH64: 1 | AM64: 1 | AP64: 1 | AT64: 1 | AX64: 1 | BC64: 1 | BF64: 1 | BJ64: 1
A65: 63 | B65: SIXTO DE LAS AGUAS DE HORTA | C65: 9186685 | E65: 1 | F65: 1 | J65: 1 | N65: 1 | R65: 1 | V65: 1 | Z65: 1 | AE65: 1 | AH65: 1 | AM65: 1 | AQ65: 1 | AT65: 1 | AX65: 1 | BC65: 1 | BF65: 1 | BJ65: 1
A66: 64 | B66: FRANCISCO JOSE BELLIDO VIVANCO | C66: 71590165 | E66: 1 | F66: 1 | J66: 1 | N66: 1 | S66: 1 | V66: 1 | Z66: 1 | AE66: 1 | AH66: 1 | AM66: 1 | AR66: 1 | AT66: 1 | AX66: 1 | BB66: 1 | BF66: 1 | BJ66: 1
A67: 65 | B67: JAINER FRANCO MANJARREZ | C67: 1048603095 | E67: 1 | F67: 1 | J67: 1 | N67: 1 | R67: 1 | V67: 1 | Z67: 1 | AE67: 1 | AJ67: 1 | AO67: 1 | AP67: 1 | AT67: 1 | AY67: 1 | BC67: 1 | BI67: 1 | BJ67: 1
A68: 66 | B68: LUIS DAVID MAZA MORALES | C68: 9186121 | E68: 1 | F68: 1 | J68: 1 | N68: 1 | R68: 1 | V68: 1 | Z68: 1 | AE68: 1 | AH68: 1 | AN68: 1 | AP68: 1 | AT68: 1 | AY68: 1 | BC68: 1 | BF68: 1 | BJ68: 1
A69: 67 | B69: PAOLA MARIA MERCADO CERA | C69: 45360204 | D69: 1 | F69: 1 | J69: 1 | N69: 1 | S69: 1 | V69: 1 | Z69: 1 | AE69: 1 | AH69: 1 | AN69: 1 | AP69: 1 | AV69: 1 | AX69: 1 | BC69: 1 | BF69: 1 | BJ69: 1
A70: 68 | B70: MARIA DEL ROSARIO CASTELLANO OROZCO | C70: 23145255 | D70: 1 | F70: 1 | J70: 1 | N70: 1 | S70: 1 | V70: 1 | Z70: 1 | AE70: 1 | AH70: 1 | AL70: 1 | AP70: 1 | AT70: 1 | AX70: 1 | BC70: 1 | BF70: 1 | BJ70: 1
A71: 69 | B71: LUIS ALBERTO MORALES MONTES | C71: 9105068 | E71: 1 | F71: 1 | J71: 1 | N71: 1 | S71: 1 | V71: 1 | Z71: 1 | AE71: 1 | AH71: 1 | AN71: 1 | AP71: 1 | AT71: 1 | AY71: 1 | BC71: 1 | BF71: 1 | BJ71: 1
A72: 70 | B72: SANDY REBOLLEDO FAJARDO | C72: 1048609757 | D72: 1 | F72: 1 | J72: 1 | N72: 1 | S72: 1 | V72: 1 | Z72: 1 | AE72: 1 | AH72: 1 | AM72: 1 | AP72: 1 | AU72: 1 | AX72: 1 | BC72: 1 | BF72: 1 | BJ72: 1
A73: 71 | B73: JORGE LUIS ANDRADES SOLER | C73: 25794613 | E73: 1 | F73: 1 | J73: 1 | N73: 1 | S73: 1 | V73: 1 | Z73: 1 | AE73: 1 | AH73: 1 | AL73: 1 | AP73: 1 | AU73: 1 | AX73: 1 | BC73: 1 | BF73: 1 | BJ73: 1
A74: 72 | B74: VIVIAN TUÑON BENITEZ | C74: 45360070 | D74: 1 | F74: 1 | L74: 1 | P74: 1 | R74: 1 | V74: 1 | Z74: 1 | AE74: 1 | AH74: 1 | AN74: 1 | AQ74: 1 | AT74: 1 | AX74: 1 | BC74: 1 | BF74: 1 | BJ74: 1
A75: 73 | B75: YOMIRA JIMENEZ ESCOBAR | C75: 1048608565 | D75: 1 | F75: 1 | J75: 1 | N75: 1 | S75: 1 | V75: 1 | Z75: 1 | AE75: 1 | AH75: 1 | AN75: 1 | AP75: 1 | AT75: 1 | AX75: 1 | BC75: 1 | BH75: 1 | BJ75: 1
A76: 74 | B76: SHARON GOMEZ GOMEZ | C76: 1122812117 | D76: 1 | F76: 1 | J76: 1 | N76: 1 | S76: 1 | V76: 1 | Z76: 1 | AE76: 1 | AK76: 1 | AM76: 1 | AP76: 1 | AT76: 1 | AX76: 1 | BB76: 1 | BI76: 1 | BL76: 1
A77: 75 | B77: BERNALSUARES | C77: 1048604384 | E77: 1 | F77: 1 | J77: 1 | N77: 1 | U77: 1 | V77: 1 | Z77: 1 | AE77: 1 | AH77: 1 | AN77: 1 | AR77: 1 | AT77: 1 | AX77: 1 | BC77: 1 | BH77: 1 | BJ77: 1
A78: 76 | B78: ZULAY SALGADO JIMENEZ | C78: 23145647 | D78: 1 | F78: 1 | J78: 1 | N78: 1 | S78: 1 | V78: 1 | Z78: 1 | AE78: 1 | AH78: 1 | AN78: 1 | AS78: 1 | AT78: 1 | AX78: 1 | BC78: 1 | BF78: 1 | BJ78: 1
A79: 77 | B79: ANDRIS REBOLLEDO BELLO | C79: 1002257904 | E79: 1 | F79: 1 | J79: 1 | N79: 1 | R79: 1 | V79: 1 | Z79: 1 | AE79: 1 | AH79: 1 | AM79: 1 | AP79: 1 | AT79: 1 | AX79: 1 | BC79: 1 | BF79: 1 | BJ79: 1
A80: 78 | B80: LUCELLYS CAMARGO DE LAS AGUAS | C80: 45586323 | D80: 1 | F80: 1 | J80: 1 | N80: 1 | R80: 1 | V80: 1 | Z80: 1 | AE80: 1 | AH80: 1 | AM80: 1 | AP80: 1 | AT80: 1 | AX80: 1 | BC80: 1 | BF80: 1 | BJ80: 1
A81: 79 | B81: HENAUDID MELGAREJO PINTO | C81: 45361007 | D81: 1 | F81: 1 | J81: 1 | N81: 1 | S81: 1 | V81: 1 | Z81: 1 | AE81: 1 | AH81: 1 | AM81: 1 | AP81: 1 | AU81: 1 | AX81: 1 | BC81: 1 | BF81: 1 | BJ81: 1
A82: 80 | B82: JOSE MARQUEZ VENECIA | C82: 926787 | E82: 1 | F82: 1 | J82: 1 | N82: 1 | S82: 1 | V82: 1 | Z82: 1 | AE82: 1 | AH82: 1 | AM82: 1 | AP82: 1 | AU82: 1 | AX82: 1 | BC82: 1 | BF82: 1 | BJ82: 1
A83: 81 | B83: LISETH MARIA GUERRERO JUNCO | C83: 1052740022 | D83: 1 | F83: 1 | J83: 1 | N83: 1 | S83: 1 | V83: 1 | Z83: 1 | AE83: 1 | AH83: 1 | AN83: 1 | AP83: 1 | AT83: 1 | AX83: 1 | BC83: 1 | BF83: 1 | BJ83: 1
A84: 82 | B84: MARINA CANOLES DE LAS AGUAS | C84: 23125640 | D84: 1 | F84: 1 | J84: 1 | N84: 1 | R84: 1 | V84: 1 | Z84: 1 | AE84: 1 | AH84: 1 | AM84: 1 | AR84: 1 | AT84: 1 | AX84: 1 | BC84: 1 | BF84: 1 | BJ84: 1
A85: 83 | B85: CECIL ENRIQUE PRIMERA RODRIGUEZ | C85: 73552650 | E85: 1 | F85: 1 | J85: 1 | N85: 1 | R85: 1 | V85: 1 | Z85: 1 | AE85: 1 | AH85: 1 | AN85: 1 | AP85: 1 | AT85: 1 | AX85: 1 | BC85: 1 | BF85: 1 | BJ85: 1
A86: 84 | B86: JUSTINO VARGAS RODRIGUEZ | C86: 73539038 | E86: 1 | F86: 1 | J86: 1 | N86: 1 | S86: 1 | V86: 1 | Z86: 1 | AE86: 1 | AJ86: 1 | AM86: 1 | AP86: 1 | AT86: 1 | AX86: 1 | BC86: 1 | BF86: 1 | BJ86: 1
A87: 85 | B87: LISBETH MARIA ALVARES JIMENEZ | C87: 45361107 | D87: 1 | F87: 1 | J87: 1 | N87: 1 | S87: 1 | V87: 1 | Z87: 1 | AE87: 1 | AH87: 1 | AM87: 1 | AP87: 1 | AT87: 1 | AX87: 1 | BC87: 1 | BF87: 1 | BJ87: 1
A88: 86 | B88: OSVALDOMERCADO BENAVIDES | C88: 9046553 | E88: 1 | F88: 1 | J88: 1 | N88: 1 | S88: 1 | V88: 1 | Z88: 1 | AE88: 1 | AH88: 1 | AM88: 1 | AP88: 1 | AT88: 1 | AX88: 1 | BC88: 1 | BF88: 1 | BJ88: 1
D90: =SUM(D3:D89) -> 48 | E90: =SUM(E3:E89) -> 39 | F90: =SUM(F3:F89) -> 86 | G90: =SUM(G3:G89) -> 0 | H90: =SUM(H3:H89) -> 0 | I90: =SUM(I3:I89) -> 0 | J90: =SUM(J3:J89) -> 67 | K90: =SUM(K3:K89) -> 9 | ... BM90: =SUM(BM3:BM89) -> 0

Sheet Tabla Psicosocial 
A1: CARACTERIZACIÓN O DIAGNOSTICO DE LA ACTIVIDAD EMPRESARIAL PARA EMPRENDEDORES
A3: CONCEPTO | B3: CRITERIO | C3: CANTIDAD | D3: PORCENTAJE
A4: GENERO | B4: FEMENINO | C4: =+'1. Diag Empresarial '!D114 -> 59 | D4: =+C4/C6 -> 0.56190476
B5: MASCULINO | C5: =+'1. Diag Empresarial '!E114 -> 46 | D5: =+C5/C6 -> 0.43809524
B6: SUB TOTAL | C6: =SUM(C4:C5) -> 105 | D6: =SUM(D4:D5) -> 1
A7: ¿Tú unidad productiva es viable a largo plazo teniendo potencial de crecimiento? | B7: SI | C7: =+'9. DIAGNOSTICO PSICOSOCIAL '!F90 -> 86 | D7: =+C7/C11 -> 1
B8: NO | C8: =+'9. DIAGNOSTICO PSICOSOCIAL '!G90 -> 0 | D8: =+C8/C11 -> 0
B9: AVECES | C9: =+'9. DIAGNOSTICO PSICOSOCIAL '!H90 -> 0 | D9: =+C9/C11 -> 0
B10: ALGUNAS VECES | C10: =+'9. DIAGNOSTICO PSICOSOCIAL '!I90 -> 0 | D10: =+C10/C11 -> 0
B11: SUB TOTAL | C11: =SUM(C7:C10) -> 86 | D11: =SUM(D7:D10) -> 1
A12: ¿Sabes gestionar el equilibrio entre tu vida personal y profesional? | B12: SI | C12: =+'9. DIAGNOSTICO PSICOSOCIAL '!J90 -> 67 | D12: =+C12/C16 -> 0.77906977
B13: NO | C13: =+'9. DIAGNOSTICO PSICOSOCIAL '!K90 -> 9 | D13: =+C13/C16 -> 0.10465116
B14: AVECES | C14: =+'9. DIAGNOSTICO PSICOSOCIAL '!L90 -> 10 | D14: =+C14/C16 -> 0.11627907
B15: ALGUNAS VECES | C15: =+'9. DIAGNOSTICO PSICOSOCIAL '!M90 -> 0 | D15: =+C15/C16 -> 0
B16: SUB TOTAL | C16: =SUM(C12:C15) -> 86 | D16: =SUM(D12:D15) -> 1
A17: ¿Te sientes motivado(a) por tu emprendimiento? | B17: SI | C17: =+'9. DIAGNOSTICO PSICOSOCIAL '!N90 -> 85 | D17: =+C17/C21 -> 0.98837209
B18: NO | C18: =+'9. DIAGNOSTICO PSICOSOCIAL '!O90 -> 0 | D18: =+C18/C21 -> 0
B19: AVECES | C19: =+'9. DIAGNOSTICO PSICOSOCIAL '!P90 -> 1 | D19: =+C19/C21 -> 0.011627907
B20: ALGUNAS VECES | C20: =+'9. DIAGNOSTICO PSICOSOCIAL '!Q90 -> 0 | D20: =+C20/C21 -> 0
B21: SUB TOTAL | C21: =SUM(C17:C20) -> 86 | D21: =SUM(D17:D20) -> 1
A22: ¿Has tenido fracasos como Emprendor – Micro – empresario con tu emprendimiento? | B22: SI | C22: =+'9. DIAGNOSTICO PSICOSOCIAL '!R90 -> 33 | D22: =+C22/C26 -> 0.38372093
B23: NO | C23: =+'9. DIAGNOSTICO PSICOSOCIAL '!S90 -> 51 | D23: =+C23/C26 -> 0.59302326
B24: AVECES | C24: =+'9. DIAGNOSTICO PSICOSOCIAL '!T90 -> 1 | D24: =+C24/C26 -> 0.011627907
B25: ALGUNAS VECES | C25: =+'9. DIAGNOSTICO PSICOSOCIAL '!U90 -> 1 | D25: =+C25/C26 -> 0.011627907
B26: SUB TOTAL | C26: =SUM(C22:C25) -> 86 | D26: =SUM(D22:D25) -> 1
A27: ¿Llevas buenas relaciones con tus empleados y/o clientes? | B27: SI | C27: =+'9. DIAGNOSTICO PSICOSOCIAL '!V90 -> 86 | D27: =+C27/C31 -> 1
B28: NO | C28: =+'9. DIAGNOSTICO PSICOSOCIAL '!W90 -> 0 | D28: =+C28/C31 -> 0
B29: AVECES | C29: =+'9. DIAGNOSTICO PSICOSOCIAL '!Y90 -> 0 | D29: =+C29/C31 -> 0
B30: ALGUNAS VECES | C30: =+'9. DIAGNOSTICO PSICOSOCIAL '!Y90 -> 0 | D30: =+C30/C31 -> 0
B31: SUB TOTAL | C31: =SUM(C27:C30) -> 86 | D31: =SUM(D27:D30) -> 1
A32: ¿Sientes que tu trabajo te ha permitido crecer y desarrollarte como persona? | B32: SI | C32: =+'9. DIAGNOSTICO PSICOSOCIAL '!V90 -> 86 | D32: =+C32/C36 -> 1
B33: NO | C33: =+'9. DIAGNOSTICO PSICOSOCIAL '!W90 -> 0 | D33: =+C33/C36 -> 0
B34: AVECES | C34: =+'9. DIAGNOSTICO PSICOSOCIAL '!X90 -> 0 | D34: =+C34/C36 -> 0
B35: ALGUNAS VECES | C35: =+'9. DIAGNOSTICO PSICOSOCIAL '!Y90 -> 0 | D35: =+C35/C36 -> 0
B36: SUB TOTAL | C36: =SUM(C32:C35) -> 86 | D36: =SUM(D32:D35) -> 1
A37: ¿Sientes que tu trabajo te ha permitido crecer y desarrollarte como persona? | B37: SI | C37: =+'9. DIAGNOSTICO PSICOSOCIAL '!Z90 -> 81 | D37: =+C37/C41 -> 0.94186047
B38: NO | C38: =+'9. DIAGNOSTICO PSICOSOCIAL '!AA90 -> 1 | D38: =+C38/C41 -> 0.011627907
B39: AVECES | C39: =+'9. DIAGNOSTICO PSICOSOCIAL '!AB90 -> 4 | D39: =+C39/C41 -> 0.046511628
B40: ALGUNAS VECES | C40: =+'9. DIAGNOSTICO PSICOSOCIAL '!AC90 -> 0 | D40: =+C40/C41 -> 0
B41: SUB TOTAL | C41: =SUM(C37:C40) -> 86 | D41: =SUM(D37:D40) -> 1
A42: ¿Sientes que fue mala decisión emprender? | B42: SI | C42: =+'9. DIAGNOSTICO PSICOSOCIAL '!AD90 -> 4 | D42: =+C42/C46 -> 0.046511628
B43: NO | C43: =+'9. DIAGNOSTICO PSICOSOCIAL '!AE90 -> 81 | D43: =+C43/C46 -> 0.94186047
B44: AVECES | C44: =+'9. DIAGNOSTICO PSICOSOCIAL '!AF90 -> 1 | D44: =+C44/C46 -> 0.011627907
B45: ALGUNAS VECES | C45: =+'9. DIAGNOSTICO PSICOSOCIAL '!AG90 -> 0 | D45: =+C45/C46 -> 0
B46: SUB TOTAL | C46: =SUM(C42:C45) -> 86 | D46: =SUM(D42:D45) -> 1
A47: ¿Crees que tienes autoconfianza suficiente para tomar decisiones? | B47: SI | C47: =+'9. DIAGNOSTICO PSICOSOCIAL '!AH90 -> 79 | D47: =+C47/C51 -> 0.91860465
B48: NO | C48: =+'9. DIAGNOSTICO PSICOSOCIAL '!AI90 -> 1 | D48: =+C48/C51 -> 0.011627907
B49: AVECES | C49: =+'9. DIAGNOSTICO PSICOSOCIAL '!AJ90 -> 5 | D49: =+C49/C51 -> 0.058139535
B50: ALGUNAS VECES | C50: =+'9. DIAGNOSTICO PSICOSOCIAL '!AK90 -> 1 | D50: =+C50/C51 -> 0.011627907
B51: SUB TOTAL | C51: =SUM(C47:C50) -> 86 | D51: =SUM(D47:D50) -> 1
A52: ¿Su emprendimiento o micro – empresa te limita hacer actividades en familia? | B52: SI | C52: =+'9. DIAGNOSTICO PSICOSOCIAL '!AL90 -> 10 | D52: =+C52/C56 -> 0.11627907
B53: NO | C53: =+'9. DIAGNOSTICO PSICOSOCIAL '!AM90 -> 60 | D53: =+C53/C56 -> 0.69767442
B54: AVECES | C54: =+'9. DIAGNOSTICO PSICOSOCIAL '!AN90 -> 13 | D54: =+C54/C56 -> 0.15116279
B55: ALGUNAS VECES | C55: =+'9. DIAGNOSTICO PSICOSOCIAL '!AO90 -> 3 | D55: =+C55/C56 -> 0.034883721
B56: SUB TOTAL | C56: =SUM(C52:C55) -> 86 | D56: =SUM(D52:D55) -> 1
A57: ¿Sabe usted como administrar los recursos económicos en su unidad productiva? | B57: SI | C57: =+'9. DIAGNOSTICO PSICOSOCIAL '!AP90 -> 72 | D57: =+C57/C61 -> 0.8372093
B58: NO | C58: =+'9. DIAGNOSTICO PSICOSOCIAL '!AQ90 -> 6 | D58: =+C58/C61 -> 0.069767442
B59: AVECES | C59: =+'9. DIAGNOSTICO PSICOSOCIAL '!AR90 -> 6 | D59: =+C59/C61 -> 0.069767442
B60: ALGUNAS VECES | C60: =+'9. DIAGNOSTICO PSICOSOCIAL '!AS90 -> 2 | D60: =+C60/C61 -> 0.023255814
B61: SUB TOTAL | C61: =SUM(C57:C60) -> 86 | D61: =SUM(D57:D60) -> 1
A62: ¿Crees que como Emprendedor – Micro – empresario te hace falta reforzar habilidades empresariales de liderazgo? | B62: SI | C62: =+'9. DIAGNOSTICO PSICOSOCIAL '!AT90 -> 73 | D62: =+C62/C66 -> 0.84883721
B63: NO | C63: =+'9. DIAGNOSTICO PSICOSOCIAL '!AU90 -> 11 | D63: =+C63/C66 -> 0.12790698
B64: AVECES | C64: =+'9. DIAGNOSTICO PSICOSOCIAL '!AV90 -> 2 | D64: =+C64/C66 -> 0.023255814
B65: ALGUNAS VECES | C65: =+'9. DIAGNOSTICO PSICOSOCIAL '!AW90 -> 0 | D65: =+C65/C66 -> 0
B66: SUB TOTAL | C66: =SUM(C62:C65) -> 86 | D66: =SUM(D62:D65) -> 1
A67: ¿Te gusta el trabajo en equipo? | B67: SI | C67: =+'9. DIAGNOSTICO PSICOSOCIAL '!AX90 -> 80 | D67: =+C67/C71 -> 0.93023256
B68: NO | C68: =+'9. DIAGNOSTICO PSICOSOCIAL '!AY90 -> 4 | D68: =+C68/C71 -> 0.046511628
B69: AVECES | C69: =+'9. DIAGNOSTICO PSICOSOCIAL '!AZ90 -> 2 | D69: =+C69/C71 -> 0.023255814
B70: ALGUNAS VECES | C70: =+'9. DIAGNOSTICO PSICOSOCIAL '!BA90 -> 0 | D70: =+C70/C71 -> 0
B71: SUB TOTAL | C71: =SUM(C67:C70) -> 86 | D71: =SUM(D67:D70) -> 1
A72: ¿Actualmente invade su tranquilidad algún problema, necesidad o enfermedad? | B72: SI | C72: =+'9. DIAGNOSTICO PSICOSOCIAL '!BB90 -> 13 | D72: =+C72/C76 -> 0.15116279
B73: NO | C73: =+'9. DIAGNOSTICO PSICOSOCIAL '!BC90 -> 71 | D73: =+C73/C76 -> 0.8255814
B74: AVECES | C74: =+'9. DIAGNOSTICO PSICOSOCIAL '!AZ90 -> 2 | D74: =+C74/C76 -> 0.023255814
B75: ALGUNAS VECES | C75: =+'9. DIAGNOSTICO PSICOSOCIAL '!M150 -> 0 | D75: =+C75/C76 -> 0
B76: SUB TOTAL | C76: =SUM(C72:C75) -> 86 | D76: =SUM(D72:D75) -> 1
A77: ¿Tienes buen manejo y control de las emociones? | B77: SI | C77: =+'9. DIAGNOSTICO PSICOSOCIAL '!BF90 -> 80 | D77: =+C77/C81 -> 0.93023256
B78: NO | C78: =+'9. DIAGNOSTICO PSICOSOCIAL '!BG90 -> 0 | D78: =+C78/C81 -> 0
B79: AVECES | C79: =+'9. DIAGNOSTICO PSICOSOCIAL '!BH90 -> 4 | D79: =+C79/C81 -> 0.046511628
B80: ALGUNAS VECES | C80: =+'9. DIAGNOSTICO PSICOSOCIAL '!BI90 -> 2 | D80: =+C80/C81 -> 0.023255814
B81: SUB TOTAL | C81: =SUM(C77:C80) -> 86 | D81: =SUM(D77:D80) -> 1
A82: ¿Eres feliz? | B82: SI | C82: =+'9. DIAGNOSTICO PSICOSOCIAL '!BJ90 -> 85 | D82: =+C82/C86 -> 0.98837209
B83: NO | C83: =+'9. DIAGNOSTICO PSICOSOCIAL '!BK90 -> 0 | D83: =+C83/C86 -> 0
B84: AVECES | C84: =+'9. DIAGNOSTICO PSICOSOCIAL '!BL90 -> 1 | D84: =+C84/C86 -> 0.011627907
B85: ALGUNAS VECES | C85: =+'9. DIAGNOSTICO PSICOSOCIAL '!BM90 -> 0 | D85: =+C85/C86 -> 0
B86: SUB TOTAL | C86: =SUM(C82:C85) -> 86 | D86: =SUM(D82:D85) -> 1

Sheet EMP. POR GRUPO DE CAPACITACION
A2: GRUPO 1
A3: N° | B3: NOMBRE Y APELLIDOS | C3: N° DE IDENTIFICACION | D3: TELEFONO | E3: DIRECCION | F3: DESCRIPCION DEL NEGOCIO
A4: 1 | B4: EDGAR ORTIZ BELLIDO | C4: 73539917 | D4: 3137296586 | E4: 3 ° CALLE DEL POLVILLO | F4: VENTA DE SUERO
A5: 2 | B5: PAOLA MARIA MERCADO CERA | C5: 45,360,204 | D5: 3106827156 | E5: VILLA OLI | F5: EDUCACION INFORMAL
A6: 3 | B6: ANTONIO ARIEL AREVALO MARRUGO | C6: 73,539,168 | D6: 3217286024 | E6: AVENIDA PRINCIPAL | F6: VENTA DE VERDURAS Y HORTALISAS
A7: 4 | B7: MARCIAL MERCADO RIOS | C7: 73,533,844 | D7: 3016527909 | E7: PARAISO | F7: VENTA DE FRUTAS
A8: 5 | B8: ALVARO BLANCO SIERRA | C8: 9,186,279 | D8: 3122487673 | E8: TREBOL | F8: VENTA DE FRUTAS Y TUBERCULOS
A9: 6 | B9: BERNARDO VIVANCO VIVANCO | C9: 73,539,432 | D9: 3135760886 | E9: AVENIDA PRINCIPAL | F9: VENTA DE FRUTAS
A10: 7 | B10: KAREN MARGARITA BELLO DE LAS AGUAS | C10: 45,361,072 | D10: 3152245334 | E10: PLAZA PRINCIPAL | F10: VENTA DE MANGOS
A11: 8 | B11: LUIS DAVID MAZA MORALES | C11: 9,186,121 | D11: 3008362535 | E11: VILLA ANA | F11: VENTA DE FRUTAS
A12: 9 | B12: JAINER FRANCO MANJANRREZ | C12: 1,048,603,095 | D12: 3145498525 | E12: SAN JOSE | F12: VENTA DE FRUTAS Y VERDURAS
A13: 10 | B13: MARIA DEL ROSARIO CASTELLANO OROZCO | C13: 23,145,255 | D13: 3112701344 | E13: SAN JOSE | F13: VENTA DE FRITOS Y PETO
A14: 11 | B14: SIXTO DE LAS AGUAS DE HORTA | C14: 9,186,685 | D14: 3218284516 | E14: AVENIDA PRINCIPAL | F14: VENTA DE FRUTAS Y VERDURAS
A15: 12 | B15: ANGEL VIVANCO VIVANCO | C15: 73,539,324 | D15: 3245014942 | E15: PLAZA PRINCIPAL | F15: VENTA DE MANGOS
A16: 13 | B16: LUIS ALFONSO MERCADO PINTO | C16: 9,239,595 | D16: 3215660061 | E16: LAS GAVIOTAS | F16: VENTA DE BEBIDAS CALIENTES
... A21: 18 | B21: EVARISTO BOLAÑO DE AVILA | C21: 73,539,334 | D21: 3145538083 | E21: FONDO | F21: VENTA DE SUERO
A22: 19 | B22: OSVALDO MERCADO BENAVIDES | C22: 9046553 | D22: 3207919073 | E22: CALLE 3 DE LA CEIBA | F22: TINTOS EL ANDARIEGO COMPAESITO
A23: 20 | B23: RUBI CANTILLO DE LAS AGUAS | C23: 23145903 | D23: 3234681864 | E23: BARRIO PARAISO | F23: VENTA DE SUERO Y QUESO
A26: GRUPO 2
A27: N° | B27: NOMBRE Y APELLIDOS | C27: N° DE IDENTIFICACION | D27: TELEFONO | E27: DIRECCION | F27: DESCRIPCION DEL NEGOCIO
A28: 1 | B28: FRANCISCO JOSE BELLIDO VIVANCO | C28: 71590165 | D28: 3225894688 | E28: CALLES DEL MUNICIPIO | F28: VENTA DE BUTIFARRA Y HUEVO COCIDO | G28: AM
A29: 2 | B29: ANA MARCELA REBOLLEDO ARROYO | C29: 1048605617 | D29: 3003995651 | E29: B. LA CEREZA CLL P/PAL | F29: VENTA DE FRITOS | G29: AM
A30: 3 | B30: YOLIDIS MERCADO PINTO | C30: 45586326 | D30: 3216959571 | E30: B. 30 DE AGOSTO | F30: VENTA DE PASTELES | G30: AM
A31: 4 | B31: SUSANA CAROLINA CARDENAS JIMENEZ | C31: 1048607246 | D31: 3117918102 | E31: PLAZA PRINCIPAL | F31: VENTA DE ASADOS Y CHORIZOS | G31: AM
A32: 5 | B32: YAMIL ENRIQUE PINTO VALIENTE | C32: 9185707 | D32: 3224924374 | E32: B. LA CEREZA CLL P/PAL | F32: VENTA Y PRODUCCION DE BUTIFARRAS | G32: AM
A33: 6 | B33: HEIDER ENRIQUE PEREZ GUTIERREZ | C33: 128052563 | D33: 3233551943 | E33: B. LA CEREZA CLL P/PAL | F33: VENTA DE AREPAS RELLENAS | G33: AM
A34: 7 | B34: YOBERLIS COROMOTO ESPINOSA AGUEY | C34: 5952006 (P DE P) | D34: 3233758859 | E34: B. LA CEREZA CLL P/PAL | F34: VENTA DE CHUZOS | G34: AM
A35: 8 | B35: YOLIMA SILVA SOLANO | C35: 45361016 | D35: 3136981910 | E35: BARRIO EL PROVENIR | F35: VENTA DE FRITOS | G35: AM
A36: 9 | B36: BEATRIZ JUNCO URUCHURCO | C36: 45455963 | D36: 3158499453 | E36: PLAZA PRINCIPAL | F36: VENTA DE AREPAS RELLENAS | G36: AM
A37: 10 | B37: KENDRIS PAOLA BOLAÑO DE AVILA | C37: 1048600825 | D37: 3044319676 | E37: AVENIDA PRINCIPAL | F37: VENTA DE ASADOS Y CHORIZOS | G37: AM
A38: 11 | B38: MONICA CANTILLO DE LAS AGUAS | C38: 23145902 | D38: 3234469617 | E38: PARAISO AV PRINCIPAL | F38: VENTA DE CHUZOZ, PINCHUS Y JUGOS | G38: AM
A39: 12 | B39: OSWALDO ORTIZ REBOLLEDO | C39: 73540046 | E39: PLAZA PRINCIPAL | F39: VENTA DE CHICHARRON Y VICERAS | G39: AM
A40: 13 | B40: SANDY REBOLLEDO FAJARDO | C40: 1048609757 | D40: 3205256611 | E40: PLAZA PRINCIPAL | F40: VENTA DE PASTELES DE POLLO, CERDO | G40: AM
A41: 14 | B41: JORGE LUIS ANDRADES SOLER | C41: 25794613 | D41: 3054329333 | E41: BARRIO EL PARAISO | F41: VENTA DE CHUZOS DE CHORIZOS, BOLLOS | G41: AM
A42: 15 | B42: SHAROL GOMEZ GOMEZ | C42: 1122812117 | D42: 3206855895 | E42: MALVINAS AV PRINCIPAL | F42: ELABORACION DE AREPAS Y BURITOS | G42: AM
A43: 16 | B43: BERNUIL SUAREZ VANEGAS | C43: 1048604384 | D43: 3042712500 | E43: PLAZA PRINCIPAL | F43: AREPA, CHORIZO Y ASADOS | G43: AM
A44: 17 | B44: MARINA CANOLES DE LAS AGUAS | C44: 23125640 | D44: 3016527909 | E44: PARAISO AV PRINCIPAL | F44: VENTA DE FRITOS
A48: GRUPO 3
A49: N° | B49: NOMBRE Y APELLIDOS | C49: N° DE IDENTIFICACION | D49: TELEFONO | E49: DIRECCION | F49: DESCRIPCION DEL NEGOCIO
A50: 1 | B50: AIDA ROSA SEQUAREZ SALCEDO | C50: 45586475 | D50: 3135003103 | E50: B. LA CEREZA CLL P/PAL | F50: VENTA DE FRITOS
A51: 2 | B51: SABINA LUNA MARTINEZ | C51: 23144823 | D51: 3161394195 | E51: B. LA CEREZA CLL P/PAL | F51: VENTA DE FRITOS
A52: 3 | B52: MINELVA MARIA ARRIETA POMBO | C52: 45360896 | D52: 3145121552 | E52: BARRIO LA UNION | F52: VENTA DE FRITOS
A53: 4 | B53: RICARDO GONZALES ORTIZ | C53: 73534503 | D53: 3105123665 | E53: PLAZA PRINCIPAL | F53: VENTA DE FRITOS
A54: 5 | B54: ANGELICA MEDRANO CABARCAS | C54: 64581940 | D54: 3215050378 | E54: PLAZA PRINCIPAL | F54: VENTA DE FRITOS
A55: 6 | B55: YANETH DISCUBICH ALCAZAR | C55: 23144703 | D55: 3013584407 | E55: B. LA CEREZA CLL P/PAL | F55: VENTA DE FRITOS
A56: 7 | B56: ANYER MESA CANTILLO | C56: 1048279074 | D56: 3113811854 | E56: PLAZA PRINCIPAL | F56: VENTA DE FRITOS
A57: 8 | B57: YULIETH PAOLA ARNEDO ACEVEDO | C57: 1048601566 | D57: 3127142104 | E57: B. LA CEREZA CLL P/PAL | F57: VENTA DE FRITOS
A58: 9 | B58: ZULAY SALGADO JIMENEZ | C58: 23145647 | D58: 3103728508 | E58: AVENIDA PRINCIPAL | F58: VENTA DE FRITOS
A59: 10 | B59: YASIRA CASTILLO MARIMON | C59: 45360067 | D59: 3117128818 | E59: B. LA CEREZA CLL P/PAL | F59: VENTA DE FRITOS
A60: 11 | B60: YOMIRA JIMENEZ ESCOBAR | C60: 1048608565 | D60: 3107466430 | E60: AVENIDA PRINCIPAL | F60: ELABORACION DE DEDITOS
A61: 12 | B61: JOSE MARQUEZ VENECIA | C61: 926787 | D61: 3174764895 | E61: CALLENUEVA | F61: VENTA DE RASPAO
... A65: 16 | B65: VIVIAN TUÑON BENITEZ | C65: 45360070 | D65: 3052529692 | E65: AVENIDA PRINCIPAL | F65: VENTA DE FRITOS
A70: GRUPO 4
A71: N° | B71: NOMBRE Y APELLIDOS | C71: N° DE IDENTIFICACION | D71: TELEFONO | E71: DIRECCION | F71: DESCRIPCION DEL NEGOCIO
A72: 1 | B72: VERONICA DE LAS AGUAS VIVANCO | C72: 45361260 | D72: 3046476449 | E72: BARRIO EL SAGRADO | F72: FABRICACION Y VENTA DE TRAPEROS
A73: 2 | B73: NAYELIS MERCADO ORTIZ | C73: 1002257710 | E73: BARRIO EL PARAISO | F73: VENTA DE COMIDAS RAPIDAS
A74: 3 | B74: MIRLEIDYS QUINTANA REBOLLEDO | C74: 1048608672 | D74: 3244769308 | E74: BARRIO EL PARAISO | F74: VENTA DE FRITOS | G74: AM | H74: ULTIMO GRUPO
A75: 4 | B75: ALBA ROSA GUERRERO CARRILLO | C75: 23144903 | D75: 3126058096 | E75: BARRIO PARAISO | F75: VENTA DE FRUTAS Y ORTALIZAS | G75: PM
A76: 5 | B76: LUCELLIS CAMARGO DE LAS AGUAS | C76: 45586323 | D76: 3016191393 | E76: B. LAS CEREZAS, SEC. TERR | F76: VENTA DE FRITOS | G76: PM
A77: 6 | B77: INES DE ARLEN VASQUEZ MENDOZA | C77: 23144834 | D77: 3108645116 | E77: AVENIDA PRINCIPAL | F77: VENTA DE ALMUERZOS
A78: 7 | B78: LEONCIO ASMET CUSTODE GUARDO | C78: 73540060 | D78: 3007210173 | F78: CREADOR DE CONTENIDO
A79: 8 | B79: OSCAR LUIS MARRUGO BONFANTE | C79: 73539087 | D79: 3136119951 | E79: BARRIO CEIBA 1 | F79: CREADOR DE CONTENIDO
A80: 9 | B80: LEWIS TORRES GARCIA | C80: 1048605633 | D80: 3217822596 | F80: CREADOR DE CONTENIDO
A81: 10 | B81: JOSE DAVID DE ARCO DE AVILA | C81: 1048608438 | D81: 3012096998 | F81: CREADOR DE CONTENIDO
A82: 11 | B82: RAFAEL ALBERTO HERAZO BUELVAS | C82: 1048609774 | D82: 3137894563 | F82: CREADOR DE CONTENIDO
A83: 12 | B83: LUIS ALBERTO SILVA MACHACON | C83: 9186103 | D83: 3136246771 | E83: SAGRADO | F83: GRAFITIS, PINTOR AUTOMOTRIZ
A84: 13 | B84: MARELVIS OROZCO PEREZ | C84: 23144864 | D84: 3135337481 | E84: PARAISO AV PRINCIPAL | F84: VENTA DE ARTESANIAS
A85: 14 | B85: EMILSA CANTILLO DE LAS AGUAS | C85: 23144999 | D85: 3008668211 | E85: CALLES DEL MUNICIPIO | F85: VENTA DE BOLLOS
A86: 15 | B86: ALCIRA MARIA RAMOS CABARCAS | C86: 45360945 | D86: 3126168620 | E86: SAN ANTONIO | F86: VENTA DE REFRIGERIOS
A87: 16 | B87: LUIS ALBERTO MORALES MONTES | C87: 9105068 | D87: 3235363543 | E87: AVENIDA PRINCIPAL | F87: VENTA DE YUCA, ÑAME, SUERO
A88: 17 | B88: MARIA PAULINA GAMARRA MERCADO | C88: 45586757 | D88: 3127461472 | E88: BARRIO 15 DE AGOSTO | F88: VENTA DE PETO
A89: 18 | B89: LISBETH MARIA ALVARES JIMENEZ | C89: 45361107 | D89: 3234596840 | E89: LAS MALVINAS | F89: VENTA DE FRITOS
A90: 19 | B90: JUAN ESTEBAN RIVERA BENAVIDEZ | C90: 1104414697 | D90: 3117014347 | E90: LA CEREZA | F90: VENTA DE PIZZAS
A91: 20 | B91: JUSTINO VARGAS RODRIGO | C91: 73539038 | D91: 3135857534 | E91: EL SAGRADO | F91: VENTA DE RASPAO
A95: GRUPO 5
A96: N° | B96: NOMBRE Y APELLIDOS | C96: N° DE IDENTIFICACION | D96: TELEFONO | E96: DIRECCION | F96: DESCRIPCION DEL NEGOCIO
A97: 1 | B97: ERIKA ORTIZ DE HORTA | C97: 45360290 | D97: 3006791986 | E97: PLAZA PRINCIPAL | F97: VENTA DE FRITOS
A98: 2 | B98: LUIS FERNANDO PEREZ LLERENA | C98: 1044924031 | D98: 3128119534 | E98: BARRIO EL REDENTOR | F98: VENTA DE MESEDORAS Y MESAS
A99: 3 | B99: WILFRIDO GOMEZ GUERRERO | C99: 73099894 | D99: 3127110808 | E99: BARRIO LA CEREZA | F99: VENTA DE CARNES
A100: 4 | B100: MERIS DE ARCO GRANDETT | C100: 22789993 | D100: 3008361591 | E100: BARRIO LA UNION | F100: VENTA DE PRODUCTOS Y ACCESORIOS
A101: 5 | B101: FREDYS ALVAREZ FUENTES | C101: 3980057 | E101: BARRIO EL LIMONAR | F101: GALLINAS PONEDORAS
A102: 6 | B102: JOSE ALFONSO TUÑON JULIO | C102: 9239393 | E102: AVENIDA PRINCIPAL | F102: VENTA DE CARNE
A103: 7 | B103: ELIANIS ESTHER CABALLERO GOMEZ | C103: 45753869 | D103: 3234890604 | E103: PARQUE SIMON BOLIVAR | F103: VENTA DE CARNES
A104: 8 | B104: MIDNA CABARCAS GAMARRA | C104: 1048603645 | D104: 3106456468 | E104: LAS MALVINAS | F104: CLASES DIRIGIDAS
A105: 9 | B105: FILADELFO MORALES PADILLA | C105: 3979872 | D105: 3233122687 | E105: AV PRINCIPAL | F105: VENTA DE LEGUNBRES
A106: 10 | B106: ESTELIA GOMEZ RAMOS | C106: 45586513 | D106: 3006727889 | E106: CAMPAÑA | F106: VENTA DE CERDOS
A107: 11 | B107: ALCIRA MARIA RAMOS CABARCAS | C107: 45360945 | D107: 3126168620 | E107: SAN ANTONIO | F107: VENTA DE REFRIGERIOS
A108: 12 | B108: HENAUDID MELGAREJO PINTO | C108: 45361007 | D108: 3147504302 | E108: BARRIO 2DA DE LOPEZ | F108: VENTA DE FRITOS
A109: 13 | B109: LISETH MARIA GUERRERO JUNCO | C109: 1052740022 | D109: 3001743851 | E109: VILLA ROXANA | F109: VENTA DE ASADOS Y CHORIZOS
A110: 14 | B110: LUIS MIGUEL MARRUGO CARDENAS | C110: 1,048,606,710 | D110: 3234257328 | E110: 15 DE AGOSTO | F110: VENTA DE FRUTAS
